 Dungeon Crawl Stone Soup version 0.31-a0-133-gaae73658be (webtiles) character file.

Game seed: 16516913906559393719

1231121 Chodeload the Archmage (level 27, -20/199 HPs)
             Began as a Deep Elf Wanderer on May 30, 2023.
             Was the Champion of Vehumet.
             Killed from afar by a war gargoyle (44 damage)
             ... with a spray of metal splinters
             ... on level 5 of the Iron City of Dis on June 2, 2023.
             The game lasted 10:45:27 (88751 turns).

Chodeload the Archmage (Deep Elf Wanderer)         Turns: 88751, Time: 10:45:27

Health: -20/199    AC: 14    Str:  9    XL:     27
Magic:  65/65      EV: 27    Int: 48    God:    Vehumet [******]
Gold:   12330      SH: 12    Dex: 17    Spells: 0/80 levels left

rFire   + + .        a - staff of air "Cots" {rElec Will+ Int+8 Dex-2}
rCold   + . .        F - +3 warlock's mirror {omnireflect}
rNeg    + + +        w - +2 robe {Archmagi}
rPois   ∞            M - +2 helmet {Int+3}
rElec   +            t - +0 cloak of the Equator {+Blink Regen+ Dex-2}
rCorr   +            x - +2 pair of gloves of Tomorrow {rPois rC+ Slay-6 Stlth+}
SInv    .            Q - +2 pair of boots {Fly}
Will    ++++.        N - amulet "Fiajolue" {Acrobat Contam Regen+ rCorr Stlth+}
Stlth   +++++++++    j - ring "Nyture" {Fire Str+3 Dex+4}
HPRegen 2.13/turn    B - ring of Lesadus {rF+ MP+9 Int+5}
MPRegen 0.39/turn

%: reflection, acrobat, archmagi
@: lich-form, in a vortex, flying, studying 2 skills, corroded
A: draining attack, torment immunity, no potions
}: 12/15 runes: decaying, serpentine, slimy, silver, obsidian, icy, abyssal,
demonic, glowing, magical, fiery, dark
a: End Transformation, Renounce Religion, Evoke Blink


You were on level 5 of the Iron City of Dis.
You worshipped Vehumet.
Vehumet was exalted by your worship.
You were an undead lich.
You visited 16 branches of the dungeon, and saw 75 of its levels.
You visited Pandemonium 1 time, and saw 12 of its levels.
You visited the Abyss 3 times.
You completed 1 ziggurat, and saw 27 of its levels.
You also visited: Trove, Gauntlet, Ice Cave, Volcano and Wizlab.

You collected 18693 gold pieces.
You spent 6363 gold pieces at shops.

Inventory:

Hand Weapons
 i - the +13 sceptre of Asmodeus
   (You took it off Asmodeus on level 7 of Gehenna)

   Fire Summon: It may summon demons of flame and damnation when striking foes.
 k - the +6 Majin-Bo {spellvamp, MP+6 Int+6}
   (You took it off a Hellbinder in a wizard's laboratory)

   Int:       It affects your intelligence (+6).
   MP:        It affects your magic capacity (+6).
 E - the +6 sword of Cerebov {flame}
   (You took it off Cerebov in Pandemonium)
Missiles
 A - 14 throwing nets (quivered)
Armour
 l - a +2 tower shield of fire resistance
 t - the +0 cloak of the Equator (worn) {+Blink Regen+ Dex-2}
   (You found it on level 17 of a ziggurat)

   Dex:       It affects your dexterity (-2).
   +Blink:    It lets you blink.
   Regen:     It increases your rate of health regeneration.
 w - a +2 robe of the Archmagi (worn)
 x - the +2 pair of gloves of Tomorrow (worn) {rPois rC+ Slay-6 Stlth+}
   (You found it on level 5 of the Dungeon)

   Slay:      It affects your accuracy & damage with ranged weapons and melee
   (-6).
   rC:        It protects you from cold.
   rPois:     It protects you from poison.
   Stlth:     It makes you more stealthy.
 F - the +3 warlock's mirror (worn) {omnireflect}
   (You took it off an ironbound convoker on level 5 of the Vaults)

   Omnireflect: It can block and reflect piercing ranged attacks and magical
   attacks against the wielder's willpower.
 M - a +2 helmet of intelligence (worn)
 Q - a +2 pair of boots of flying (worn)
Magical Staves
 a - the staff of air "Cots" (weapon) {rElec Will+ Int+8 Dex-2}
   (You found it on level 5 of the Vaults)

   [staff of air]

   Base accuracy: +5 Base damage: 5 Base attack delay: 1.2 This weapon's minimum
   attack delay (0.6) is reached at skill level 12.
   Int:       It affects your intelligence (+8).
   Dex:       It affects your dexterity (-2).
   rElec:     It insulates you from electricity.
   Will:      It increases your willpower.
   It falls into the 'Staves' category.
   It is a one-handed weapon.
 b - the staff of conjuration "Qunig" {SInv}
   (You found it on level 20 of a ziggurat)

   [staff of conjuration]

   Base accuracy: +5 Base damage: 5 Base attack delay: 1.2 This weapon's minimum
   attack delay (0.6) is reached at skill level 12.
   SInv:      It lets you see invisible.
   It falls into the 'Staves' category.
   It is a one-handed weapon.
 c - the staff of earth "Ygyas" {Fly Str+3 Dex+2 SInv}
   (You found it on level 17 of a ziggurat)

   [staff of earth]

   Base accuracy: +5 Base damage: 5 Base attack delay: 1.2 This weapon's minimum
   attack delay (0.6) is reached at skill level 12.
   Str:       It affects your strength (+3).
   Dex:       It affects your dexterity (+2).
   SInv:      It lets you see invisible.
   Fly:       It grants you flight.
   It falls into the 'Staves' category.
   It is a one-handed weapon.
Jewellery
 j - the ring "Nyture" (left hand) {Fire Str+3 Dex+4}
   (You found it in a treasure trove)

   [ring of fire]

   It enhances your fire magic.
   Str:       It affects your strength (+3).
   Dex:       It affects your dexterity (+4).
   rF:        It protects you from fire.
   rC:        It makes you vulnerable to cold.
 y - the ring of Megelu {Dex+4 SInv}
   (You found it in Pandemonium)

   [ring of see invisible]

   Dex:       It affects your dexterity (+4).
   SInv:      It lets you see invisible.
 B - the ring of Lesadus (right hand) {rF+ MP+9 Int+5}
   (You took it off a tengu reaver on level 5 of the Vaults)

   [ring of magical power]

   Int:       It affects your intelligence (+5).
   rF:        It protects you from fire.
   MP:        It affects your magic capacity (+9).
 N - the amulet "Fiajolue" (around neck) {Acrobat Contam Regen+ rCorr Stlth+}
   (You found it on level 5 of the Vaults)

   [amulet of the acrobat]

   It increases your evasion while moving and waiting.
   Contam:    It causes magical contamination when unequipped.
   Regen:     It increases your rate of health regeneration.
   rCorr:     It protects you from acid and corrosion.
   Stlth:     It makes you more stealthy.
 U - the ring of Shadows {Umbra +Inv Stlth+}
   (You found it on level 9 of a ziggurat)

   [ring of stealth]

   Umbra:     It surrounds you with an aura of shadow, increasing your stealth
   and reducing the accuracy of all others within it.
   +Inv:      It lets you turn invisible.
   Stlth:     It makes you more stealthy.
Wands
 d - a wand of digging (40)
 O - a wand of quicksilver (82)
 P - a wand of iceblast (92)
Scrolls
 p - 7 scrolls of blinking
 q - 8 scrolls of amnesia
 r - 33 scrolls of teleportation
 v - 12 scrolls of fear
 C - 16 scrolls of immolation
 G - 12 scrolls of enchant armour
 H - 4 scrolls of magic mapping
 S - 16 scrolls of fog
 V - 9 scrolls of silence
 Y - 5 scrolls of summoning
Potions
 f - 6 potions of brilliance
 h - 5 potions of ambrosia
 m - 21 potions of might
 n - 28 potions of mutation
 o - 19 potions of curing
 u - 10 potions of enlightenment
 z - 11 potions of cancellation
 D - 7 potions of invisibility
 J - 10 potions of magic
 K - 10 potions of heal wounds
 L - 4 potions of resistance
 T - 9 potions of haste
 X - 12 potions of lignification
Miscellaneous
 e - the horn of Geryon
 g - a lightning rod (4/4)
 s - a +1 figurine of a ziggurat
 Z - a box of beasts


   Skills:
 O Level 27 Fighting
 - Level 2.6 Long Blades
 - Level 12.9(14.2) Maces & Flails
 - Level 12.7(16.2) Staves
 - Level 12.0 Throwing
 - Level 10.8 Armour
 - Level 24.0 Dodging
 - Level 17.8 Stealth
 - Level 20.0 Shields
 O Level 27 Spellcasting
 - Level 25.0 Conjurations
 - Level 6.0 Hexes
 - Level 17.0 Necromancy
 - Level 4.0 Translocations
 - Level 16.0 Transmutations
 - Level 23.0 Fire Magic
 - Level 19.0 Ice Magic
 - Level 14.2 Air Magic
 + Level 22.0 Earth Magic
 - Level 9.0 Poison Magic
 - Level 15.0 Evocations


You couldn't memorise any spells.
You knew the following spells:

 Your Spells              Type           Power      Damage    Failure   Level
a - Apportation           Tloc           100%       N/A       1%          1
b - Lehudib's Crystal Sp  Conj/Erth      81%        10d18     1%          8
c - Ignition              Fire           94%        3d24      1%          8
d - Polar Vortex          Ice            76%        N/A       2%          9
e - Fire Storm            Conj/Fire      95%        8d24      1%          9
f - Chain Lightning       Conj/Air       90%        3d120     1%          9
g - Ozocubu's Armour      Ice            100%       N/A       0%          3
h - Death Channel         Necr           87%        N/A       1%          6
j - Passage of Golubria   Tloc           100%       N/A       1%          4
l - Iskenderun's Mystic   Conj/Tloc      100%       2d19      0%          4
m - Sublimation of Blood  Necr           100%       N/A       0%          2
n - Necromutation         Tmut/Necr      86%        N/A       1%          8
s - Shatter               Erth           80%        3d58*     1%          9

Your spell library contained the following spells:

 Spells                   Type           Power      Damage    Failure   Level
 Beastly Appendage        Tmut           100%       N/A       0%          1
 Foxfire                  Conj/Fire      100%       2x1d9     0%          1
 Freeze                   Ice            100%       1d10      0%          1
 Kiss of Death            Conj/Necr      100%       2d13      0%          1
 Magic Dart               Conj           100%       1d8       0%          1
 Necrotise                Necr           100%       1d9       0%          1
 Sandblast                Erth           100%       2d20      0%          1
 Shock                    Conj/Air       100%       1d9       0%          1
 Slow                     Hex            100%       N/A       0%          1
 Sting                    Tmut/Pois      100%       1d8       0%          1
 Cigotuvi's Dreadful Rot  Necr/Pois/Air  100%       N/A       0%          2
 Ensorcelled Hibernation  Hex/Ice        100%       N/A       0%          2
 Momentum Strike          Conj/Tloc      100%       3d10      0%          2
 Passwall                 Tmut/Erth      100%       N/A       0%          2
 Poisonous Vapours        Pois/Air       100%       N/A       0%          2
 Scorch                   Fire           100%       2d9       0%          2
 Searing Ray              Conj           100%       2d8       0%          2
 Static Discharge         Conj/Air       100%       2-7/arc   0%          2
 Wereblood                Tmut           100%       N/A       0%          2
 Frozen Ramparts          Ice            100%       1d16      0%          3
 Hailstorm                Conj/Ice       100%       3d20      0%          3
 Ignite Poison            Fire/Tmut/Pois 100%       N/A       0%          3
 Inner Flame              Hex/Fire       100%       N/A       0%          3
 Mephitic Cloud           Conj/Pois/Air  100%       N/A       0%          3
 Spider Form              Tmut/Pois      100%       N/A       0%          3
 Stone Arrow              Conj/Erth      100%       3d13      0%          3
 Vampiric Draining        Necr           100%       2d13      0%          3
 Vhi's Electric Charge    Tloc/Air       100%       N/A       0%          3
 Volatile Blastmotes      Fire/Tloc      100%       2d18      0%          3
 Animate Dead             Necr           100%       N/A       0%          4
 Dispel Undead            Necr           100%       3d31      0%          4
 Flame Wave               Conj/Fire      100%       2d21      0%          4
 Fulminant Prism          Conj/Hex       72%        3d30      0%          4
 Ice Form                 Ice/Tmut       100%       N/A       0%          4
 Leda's Liquefaction      Hex/Erth       70%        N/A       0%          4
 Petrify                  Tmut/Erth      100%       N/A       0%          4
 Sticky Flame             Conj/Fire      100%       2d11      0%          4
 Agony                    Necr           100%       N/A       0%          5
 Arcjolt                  Conj/Air       90%        1d100     0%          5
 Blade Hands              Tmut           72%        N/A       0%          5
 Borgnjor's Vile Clutch   Necr/Erth      90%        N/A       0%          5
 Fireball                 Conj/Fire      95%        3d35      0%          5
 Freezing Cloud           Conj/Ice/Air   90%        6-21      0%          5
 Iskenderun's Battlesphe  Conj           100%       2d15      0%          5
 Lee's Rapid Deconstruct  Erth           80%        3d36*     0%          5
 Conjure Ball Lightning   Conj/Air       90%        3x3d35    0%          6
 Leda's Unmaking          Conj/Erth      81%        9d13      0%          6
 Plasma Beam              Fire/Air       100%       2x1d120   0%          6
 Starburst                Conj/Fire      95%        6d24      0%          6
 Statue Form              Tmut/Erth      100%       N/A       0%          6
 Orb of Destruction       Conj           83%        9d18      0%          7
 Summon Small Mammal      Summ           100%       N/A       1%          1
 Blink                    Tloc           100%       N/A       1%          2
 Call Imp                 Summ           100%       N/A       1%          2
 Lesser Beckoning         Tloc           100%       N/A       1%          2
 Call Canine Familiar     Summ           77%        N/A       1%          3
 Confusing Touch          Hex            100%       N/A       1%          3
 Portal Projectile        Hex/Tloc       100%       N/A       1%          3
 Summon Guardian Golem    Hex/Summ       96%        N/A       1%          3
 Tukima's Dance           Hex            100%       N/A       1%          3
 Anguish                  Hex/Necr       78%        N/A       1%          4
 Animate Armour           Summ/Erth      100%       N/A       1%          4
 Cause Fear               Hex            55%        N/A       1%          4
 Manifold Assault         Tloc           100%       N/A       1%          4
 Olgreb's Toxic Radiance  Pois           100%       N/A       1%          4
 Summon Ice Beast         Ice/Summ       100%       N/A       1%          4
 Summon Lightning Spire   Summ/Air       100%       N/A       1%          4
 Alistair's Intoxication  Tmut/Pois      90%        N/A       1%          5
 Metabolic Englaciation   Hex/Ice        67%        N/A       1%          5
 Silence                  Hex/Air        76%        N/A       1%          5
 Summon Mana Viper        Hex/Summ       96%        N/A       1%          5
 Yara's Violent Unravell  Hex/Tmut       65%        3d24      1%          5
 Eringya's Noxious Bog    Tmut/Pois      67%        N/A       1%          6
 Simulacrum               Ice/Necr       88%        N/A       1%          6
 Ozocubu's Refrigeration  Ice            76%        4d24      1%          7
 Spellforged Servitor     Conj/Summ      67%        N/A       1%          7
 Storm Form               Tmut/Air       84%        N/A       1%          7
 Borgnjor's Revivificati  Necr           87%        N/A       1%          8
 Infestation              Necr           87%        N/A       1%          8
 Maxwell's Capacitive Co  Air            83%        ∞         1%          8
 Summon Forest            Summ/Tloc      45%        N/A       2%          5
 Haunt                    Necr/Summ      73%        N/A       4%          7
 Dispersal                Tloc           50%        N/A       6%          6
 Enfeeble                 Hex            55%        N/A       14%         7
 Death's Door             Necr           87%        N/A       19%         9
 Discord                  Hex            55%        N/A       73%         8
 Monstrous Menagerie      Summ           38%        N/A       86%         7
 Summon Hydra             Summ           38%        N/A       86%         7
 Disjunction              Tloc           50%        N/A       94%         8
 Summon Horrible Things   Summ           38%        N/A       100%        8


Dungeon Overview and Level Annotations

Branches:
Dungeon (15/15)            Temple (1/1) D:6            Lair (5/5) D:9
  Swamp (4/4) Lair:3        Snake (4/4) Lair:2        Slime (5/5) Lair:4
    Orc (2/2) D:12            Elf (3/3) Orc:2        Vaults (5/5) D:13
  Crypt (3/3) Vaults:3       Tomb (0/3) Crypt:3      Depths (4/4) D:15
   Hell (visited)             Dis (4/7) Hell            Geh (7/7) Hell
    Coc (7/7) Hell            Tar (0/7) Hell            Zot (4/5) Depths:4
  IceCv (visited)         Volcano (visited)          WizLab (visited)
Gauntlet (visited)

Altars:
Ashenzari
Cheibriados
Dithmenos
Elyvilon
Fedhas
Gozag
Hepliaklqana
Kikubaaqudgha
Makhleb
Nemelex Xobeh
Okawaru
Qazlal
Ru
Sif Muna
Trog
Uskayaw
Vehumet
Wu Jian
Xom
Yredelemnul
Zin
The Shining One
Jiyva

Shops:
D:8 :   D:13 =   D:14 ?   Orc:1 (   Orc:2 *(:   Elf:2 [   Snake:3 :?(
Vaults:3 (   Depths:1 =:=   Depths:2 (   Depths:4 =*

Portals:
Hell: Depths:1 Depths:2 Depths:3 Depths:4
Abyss: Depths:3
Pandemonium: Orc:2 Depths:1 Depths:2

Annotations:
D:5 1 runed translucent door, Crazy Yiuf
D:6 exclusion: downstairs
D:7 Prince Ribbit
D:10 exclusion: downstairs
D:11 exclusion: downstairs
Lair:1 exclusion: downstairs
Lair:4 exclusion: downstairs
Swamp:1 exclusion: 2 downstairs
Swamp:2 exclusion: downstairs
Swamp:3 exclusion: downstairs
Snake:1 exclusion: downstairs
Snake:3 exclusion: downstairs
Slime:3 exclusion: downstairs
Vaults:1 exclusion: downstairs
Vaults:4 exclusion: 2 downstairs
Depths:1 exclusion: fire vortex
Depths:3 3 transporters
Depths:4 2 runed translucent doors
Zot:1 Vv
Zot:2 3 runed translucent doors, exclusion: 3 doors, Oriecen's ghost, master DsEE; Zeaxzic Paph's ghost, veteran OgBe


Message History

Vehumet accepts your kill.
You feel your power returning.
The iron golem is severely damaged.
The iron golem is heavily damaged.
You kill the tormentor!
Vehumet accepts your kill.
You feel your power returning.
You destroy the crystal echidna!
Vehumet accepts your kill.
You feel your power returning.
You destroy the war gargoyle!
Vehumet accepts your kill.
You feel your power returning.
Ka-crash!
You kill the Hell Sentinel!
Vehumet accepts your kill.
You feel your power returning.
You hear a roar!
You block the caustic shrike's attack.
A quicksilver elemental comes into view.
The caustic shrike claws you!!
* * * LOW HITPOINT WARNING * * *
You are splashed with acid.
You resist.
* * * LOW HITPOINT WARNING * * *
A Hell Sentinel comes into view.
A caustic shrike comes into view.
The Hell Sentinel gestures at you. The iron shot misses you.
Training target 22.0 for Earth Magic reached!
Your Earth Magic skill increases to level 22!
You need to enable at least one skill for training.
Unknown command.
Blink to where?
Press: ? - help, Dir - move target A quicksilver elemental, a war gargoyle, an iron giant, a tormentor, 4 Hell Sentinels and 3 caustic shrikes come into view.
Found a gateway leading out of Dis.
As you read the scroll of blinking, it crumbles to dust.
The Hell Sentinel roars!
The war gargoyle launches metal splinters at you.
The spray of metal splinters hits you!!!
You die...

#......#§§§§§#
#....^.#§§§1#
#......#§§b§#
+#######b§###
..§§§§§######
.v§§§§§§§§§§
#..§b§§§§§§##
#E.§§§§§§§§§#§#
..b.§9§§§L§§C§§#
....§§9§§§1§§§.#
v..§§§§§§§§§§#
..b§§§9§§§§§.#
..b§§8§§°§§§.#
.Eb121§§.§§§§#
.....1.......#
.............#


You could see 2 iron golems, an iron giant, 4 Hell Sentinels, 6 caustic shrikes,
2 quicksilver elementals, a war gargoyle (catching breath), a tormentor and 2
friendly fire vortices.

Vanquished Creatures
  Cerebov (Pan)
  Antaeus (Coc:7)
  Asmodeus (Geh:7)
  Gloorx Vloq (Pan)
  the Royal Jelly (Slime:5)
  Lom Lobon (Pan)
  the Serpent of Hell (Coc:7)
  Mnoleg (Pan)
  12 dread liches
  The ghost of Marixus the Axe Maniac, a legendary DDFi of Cheibriados (Zig:20)
  5 ancient liches
  6 pandemonium lords
  The ghost of Boduf the Metallomancer, a legendary FoHu of Cheibriados (Zig:20)
  The ghost of reasonance the Bringer of Law, a legendary HOMo of Zin (Zig:20)
  The ghost of deprived the Bringer of Light, a legendary HOFi of the Shining One (Zig:20)
  The ghost of melllvar the Conqueror, a legendary MiBe of the Shining One (Zig:20)
  The ghost of Hewasun the Conqueror, a legendary MiBe of the Shining One (Zig:20)
  An orb of fire (Zot:4)
  The ghost of TittyCrusher the Thanatomancer, a legendary DjIE of Makhleb (Zig:20)
  The ghost of ebarrett the Slayer, a legendary HOCA of Okawaru (Zig:20)
  9 juggernauts
  The ghost of grandjackal the Wallflower, a legendary DsGl of Uskayaw (Zig:20)
  The ghost of bakla the Ninja, a legendary KoBr of Wu Jian (Zig:20)
  Margery (Vaults:4)
  Saint Roka (Vaults:3)
  Bai Suzhen (Crypt:2)
  22 shard shrikes
  35 caustic shrikes
  Xtahua (Depths:3)
  5 curse toes
  The ghost of Anafel the Impregnable, a legendary GrFi of the Shining One (Zig:20)
  Geryon (Hell)
  11 golden dragons
  6 profane servitors
  Nikola (Snake:2)
  A Hellbinder (WizLab)
  13 bone dragons
  12 Brimstone Fiends
  2 electric golems
  2 Tzitzimimeh (Pan)
  13 iron giants
  24 Ice Fiends
  18 hellephants
  Mlioglotl (Swamp:1)
  Jorgrun (Orc:2)
  3 tainted leviathans
  14 tentacled monstrosities
  Rupert (D:13)
  40 Hell Sentinels
  The ghost of Rinoumap the Peltast, an adept TrCK of Ru (Vaults:2)
  14 liches
  2 walking earthen tomes (Depths:2)
  23 titans
  5 deep elf blademasters
  21 acid blobs
  5 quicksilver dragons
  21 searing wretches
  3 deep elf master archers
  Frances (D:12)
  The ghost of frimble the Victor of a Thousand Battles, an adept DsGl of Okawaru (Zig:20)
  Kirke (D:12)
  4 tentacled starspawn
  33 ancient champions
  18 Executioners
  A thorn hunter (Swamp:2)
  The ghost of Himmaryad the Brawler, an adept TrMo of Nemelex Xobeh (Zig:20)
  The ghost of Amikeex the Brawler, an adept TrMo of Nemelex Xobeh (Zig:20)
  The ghost of roninjake the Marksminotaur, an adept MiHu of Okawaru (Elf:2)
  3 tengu reavers
  20 revenants
  5 sphinxes
  9 death cobs
  10 storm dragons
  32 azure jellies
  33 narguns
  16 shadow dragons
  2 fenstrider witches
  21 fire giants
  3 draconian monks
  8 demonspawn warmongers
  10 rockslimes
  16 frost giants
  10 deep elf sorcerers
  4 draconian knights
  8 iron dragons
  11 nagarajas
  14 quicksilver elementals
  A juggernaut zombie (Depths:1)
  7 draconian scorchers
  18 vault wardens
  41 balrugs
  4 draconian stormcallers (Zot:3)
  17 reapers
  A caustic shrike zombie (Depths:1)
  3 shard shrike simulacra
  3 orc warlords
  A caustic shrike skeleton (Pan)
  20 curse skulls
  8 draconian shifters
  10 ghouls
  6 demonspawn blood saints
  A spriggan defender (Depths:4)
  2 deep elf elementalists (Elf:3)
  10 quicksilver oozes
  15 ghost moths
  3 draconian annihilators
  3 formless jellyfish
  6 demonspawn corrupters
  24 stone giants
  A broodmother (Zig:19)
  21 very ugly things
  24 cacodemons
  27 war gargoyles
  9 ironbound thunderhulks
  21 ironbound preservers
  The ghost of Vadun the Carver, a journeyman MiMo of Qazlal (Elf:1)
  24 elemental wellsprings
  16 deep elf annihilators
  7 eleionomae
  20 vampire knights
  Nessos (D:12)
  12 green draconians
  9 black draconians
  16 deep elf demonologists
  5 purple draconians
  17 dire elephants
  5 putrid mouths (Hell)
  Azrael (D:14)
  9 demonspawn black suns
  16 white draconians
  9 yellow draconians
  26 wendigos
  14 lorocyprocas
  5 bunyips
  21 iron golems
  9 red draconians
  24 eidola
  8 spark wasps
  12 ettins
  11 merfolk impalers
  10 deep elf death magi
  2 mummy priests
  19 green deaths
  18 blizzard demons
  14 fire dragons
  4 jiangshi
  8 deep elf high priests
  6 merfolk javelineers
  17 ice dragons
  9 great orbs of eyes
  11 yaktaur captains
  4 spriggan zombies (Crypt:3)
  2 entropy weavers
  2 radroaches (Zig:19)
  12 rakshasas
  26 salamander tyrants
  2 ogre magi
  4 spriggan air magi
  13 caustic shrike simulacra
  7 hell beasts
  8 hydras
  8 ghost crabs
  A demonspawn (Orc:2)
  10 merfolk aquamancers
  3 catoblepae
  2 jorogumos (Zig:19)
  40 vault guards
  11 juggernaut simulacra
  11 centaur warriors
  8 ironbound frosthearts
  8 boulder beetles
  6 death knights
  2 alligator snapping turtles (Zig:24)
  A two-headed ogre (D:12)
  11 naga warriors
  6 stokers
  4 alligators
  12 anacondas
  A death scarab (Zig:19)
  11 deep troll earth magi
  A death yak (Lair:2)
  46 hell hogs
  5 thrashing horrors
  8 deep troll shamans
  9 tengu warriors
  25 vampire magi
  35 dancing weapons
  9 shock serpents
  7 orc high priests
  12 demonic crawlers
  15 naga sharpshooters
  7 spriggan berserkers
  4 skysharks
  21 soul eaters
  A titan zombie (Crypt:3)
  5 wretched stars
  2 storm dragon zombies
  28 hell knights
  A shock serpent (shapeshifter) (Zig:15)
  31 deep elf knights
  Nergalle (D:12)
  2 titan skeletons
  39 sun demons
  3 pharaoh ants (Zig:19)
  13 shadow wraiths
  18 sixfirhies
  7 salamander mystics
  2 sun moths (Zig:19)
  A golden dragon zombie (Depths:1)
  7 crystal echidnas
  4 orb spiders (Zig:19)
  21 sea snakes
  6 death drakes
  12 goliath frogs
  6 naga ritualists
  6 glowing orange brains
  Lodul (D:12)
  11 iron trolls
  14 flayed ghosts
  2 storm dragon skeletons
  2 quicksilver dragon simulacra
  12 swamp dragons
  54 deep trolls
  A golden dragon skeleton (Depths:2)
  15 shadow demons
  An anaconda zombie (Hell)
  39 skeletal warriors
  3 bog bodies
  10 harpies
  22 deep elf archers
  13 lindwurms
  A lindwurm (shapeshifter) (Vaults:5)
  11 wizards
  6 spriggan druids
  Pikel (D:8)
  6 spriggan simulacra
  39 deep elf zephyrmancers
  3 anaconda skeletons
  An obsidian statue (D:11)
  14 necromancers
  2 orange crystal statues
  20 phantasmal warriors
  A steelbarb worm (shapeshifter) (Depths:4)
  A steelbarb worm (Zig:19)
  52 deep elf pyromancers
  12 ironbound convokers
  13 orc knights
  5 mana vipers
  10 wolf spiders
  7 will-o-the-wisps
  6 shining eyes
  A stone giant zombie (Crypt:3)
  A sphinx skeleton (Zig:2)
  A worldbinder (Abyss:3)
  2 fauns (Zig:8)
  A goliath frog skeleton (Crypt:1)
  11 orc sorcerers
  4 centaur zombies
  33 moths of wrath
  24 ugly things
  17 manticores
  A cyclops (shapeshifter) (Elf:2)
  A black mamba (shapeshifter) (Elf:2)
  2 frost giant skeletons (Depths:1)
  28 salamanders
  A fire giant zombie (Geh:5)
  4 elephants (Lair:4)
  4 dire elephant zombies
  4 eyes of devastation
  7 cyclopes
  17 vault sentinels
  15 naga magi
  An apocalypse crab (Zig:11)
  6 ice statues
  12 molten gargoyles (Geh:7)
  12 water nymphs
  2 naga zombies
  7 guardian serpents (Snake:4)
  2 fire giant skeletons (Vaults:3)
  6 merfolk sirens
  5 titan simulacra
  42 black mambas
  A guardian serpent (shapeshifter) (Zig:15)
  2 torpor snails
  21 smoke demons
  3 gargoyles
  5 rust devils
  22 cane toads
  A dire elephant skeleton (Pan)
  A red draconian zombie (Crypt:2)
  17 orange demons
  An elf skeleton (Vaults:3)
  5 storm dragon simulacra
  An unseen horror (shapeshifter) (Zig:15)
  2 unseen horrors
  30 hellions
  A rime drake (Zig:4)
  Psyche (D:9)
  23 tormentors
  28 freezing wraiths
  7 ice devils
  6 komodo dragons
  35 yaktaurs
  2 bunyip simulacra
  11 tengu conjurers
  5 anaconda simulacra
  7 efreet (Pan)
  A queen bee (shapeshifter) (Elf:2)
  An alligator snapping turtle skeleton (Hell)
  9 red devils
  4 guardian mummies
  5 ancient zymes
  9 hellwings
  14 trolls
  A meliai (shapeshifter) (Vaults:5)
  6 golden dragon simulacra
  3 bloated husks
  32 merfolk
  An unseen horror skeleton (Crypt:2)
  4 harpy zombies
  A silent spectre (Depths:3)
  A hydra zombie (Hell)
  An iron giant simulacrum (Coc:7)
  2 polar bears
  2 wind drakes
  4 meliai
  A shadow dragon simulacrum (Coc:1)
  13 hornets
  A tengu simulacrum (Zig:25)
  9 tyrant leeches
  4 raiju (Abyss:3)
  6 tarantellas
  34 blink frogs
  3 iron dragon simulacra
  A fire dragon zombie (Crypt:2)
  5 snapping turtles
  125 slime creatures
  37 large abominations
  A shadow (D:10)
  3 stone giant simulacra
  2 centaur simulacra
  2 fire dragon skeletons (Geh:5)
  23 ynoxinuls
  Sigmund (D:4)
  2 culicivoras (Zig:19)
  16 spriggans
  4 jumping spiders
  3 wyverns
  13 small abominations
  A jumping spider (shapeshifter) (Zig:15)
  A spriggan (shapeshifter) (Vaults:5)
  7 air elementals
  16 water elementals
  2 ushabtiu
  46 yaks
  6 dire elephant simulacra
  9 golden eyes
  5 basilisks
  15 wraiths
  10 starcursed masses
  7 fire elementals
  2 hogs (D:12)
  Grum (D:9)
  10 chaos spawn
  10 steam dragons
  31 vampire mosquitoes
  7 redbacks
  3 swamp worm simulacra (Swamp:4)
  12 harpy simulacra
  19 neqoxecs
  16 swamp worms
  A swamp worm (shapeshifter) (Depths:1)
  45 nagas
  13 hell hounds
  A fire bat skeleton (Crypt:1)
  11 wargs
  15 water moccasins
  Duvessa (D:6)
  2 naga skeletons
  2 floating eyes (Zig:23)
  56 orc warriors
  19 hydra simulacra
  6 ice dragon simulacra (IceCv)
  A black bear (shapeshifter) (Elf:2)
  3 ettin simulacra
  A sky beast (D:7)
  An ice beast (D:8)
  35 wolves
  26 ogres
  A black bear (D:8)
  3 boggarts (D:15)
  7 centaurs
  4 lemures (D:9)
  2 phantoms
  A kobold brigand (D:9)
  12 bullfrogs
  5 gnoll sergeants
  5 naga simulacra
  12 necrophages (Crypt:3)
  3 scorpions
  A demonspawn simulacrum (Coc:1)
  2 earth elementals
  9 wights
  6 wyvern skeletons (Crypt:3)
  Dowan (D:6)
  7 lindwurm simulacra (IceCv)
  3 howler monkeys
  12 electric eels
  6 crimson imps (Pan)
  2 lava snakes (Lair:1)
  4 gnoll boudas
  2 iron imps
  2 hounds
  26 orc priests
  An iguana (shapeshifter) (Elf:2)
  An iguana (D:7)
  16 orc wizards
  7 hell rats (Hell)
  A human skeleton (Crypt:1)
  8 adders
  18 gnolls
  2 adders (shapeshifter)
  3 white imps
  3 ufetubi
  5 swamp drake simulacra (Swamp:4)
  A worm (D:3)
  3 dart slugs
  72 orcs
  7 endoplasms
  4 giant cockroaches
  2 goblins
  7 hobgoblins
  3 jackals (D:5)
  8 kobolds
  2 training dummies (D:4)
  3 ball pythons
  8 bats
  A frilled lizard (shapeshifter) (Elf:2)
  3 frilled lizards
  An orc skeleton (Crypt:2)
  3 rats
  A rat zombie (Crypt:2)
  3 ball lightnings
  3 creeping infernos
  302 fire vortices
  3 starspawn tentacles
4504 creatures vanquished.

Vanquished Creatures (collateral kills)
  2 shard shrikes
  5 golden dragons (Zig:22)
  2 iron giants
  8 tentacled monstrosities
  4 Hell Sentinels
  2 Ice Fiends
  2 titans
  An Executioner (Zig:16)
  A storm dragon (Vaults:5)
  A shadow dragon (Depths:4)
  4 narguns (Zig:25)
  A nagaraja (Zig:13)
  An azure jelly (Slime:5)
  2 frost giants
  A rockslime (Slime:5)
  A fire giant (Coc:5)
  A ghost moth (Zig:19)
  A demonspawn warmonger (Zig:16)
  A balrug (Zig:16)
  A draconian shifter (Zot:1)
  A ghoul (Zig:27)
  A cacodemon (Zig:16)
  A broodmother (Zig:19)
  A stone giant (Zig:8)
  2 demonspawn blood saints (Zig:16)
  A formless jellyfish (Zig:24)
  2 wendigos (Zig:25)
  2 white draconians (Zot:1)
  A bunyip (Zig:22)
  2 yellow draconians
  A red draconian (Depths:4)
  A deep elf death mage (Zig:26)
  A jiangshi (Zig:26)
  2 merfolk impalers (Zig:24)
  2 iron golems
  3 shambling mangroves
  An ice dragon (Zot:2)
  2 hydras (Zig:22)
  A jorogumo (Zig:19)
  2 centaur warriors (Zig:8)
  An alligator snapping turtle (Zig:24)
  A death knight (Crypt:3)
  2 radroaches (Zig:19)
  A merfolk avatar (Zig:24)
  A satyr (Zig:8)
  2 hell hogs (Hell)
  5 dancing weapons (Zig:14)
  A hell knight (Hell)
  A crystal echidna (Zig:21)
  A deep elf knight (Zig:15)
  A deep troll (Vaults:5)
  A bunyip zombie (Crypt:3)
  A death drake (Zig:22)
  A golden dragon zombie (Crypt:2)
  2 sea snakes (Zig:17)
  A ghost moth zombie (Crypt:1)
  A spriggan druid (Zig:10)
  A swamp dragon (Zig:22)
  A bog body (Zig:10)
  A lindwurm (Vaults:2)
  2 steelbarb worms (Zig:19)
  3 harpies (Zig:17)
  A phantasmal warrior (Crypt:3)
  A wolf spider (shapeshifter) (Depths:2)
  2 manticores
  2 cyclopes
  4 merfolk sirens
  A torpor snail (Zig:19)
  An orange demon (Pan)
  A tormentor (Zig:25)
  A freezing wraith (Zig:25)
  A hydra zombie (Geh:5)
  An ice devil (Pan)
  8 merfolk
  A harpy zombie (Crypt:2)
  A hornet (Zig:22)
  A tarantella (Zig:19)
  4 snapping turtles
  2 slime creatures
  A centaur simulacrum (Crypt:2)
  A water elemental (Zig:24)
  A chaos spawn (Pan)
  A harpy simulacrum (Coc:2)
  A floating eye (shapeshifter) (Zot:2)
  An ettin simulacrum (Coc:2)
  A black bear (D:6)
  An earth elemental (Zig:15)
  A wyvern skeleton (Crypt:3)
  A hell rat (Hell)
  A hound zombie (Crypt:2)
  A gnoll (D:6)
  A creeping inferno (Geh:7)
150 creatures vanquished.

Vanquished Creatures (others)
  A golden dragon (Zig:22)
  An eldritch tentacle (Pan)
  A revenant (Zig:20)
  A shard shrike simulacrum (Coc:7)
  An eidolon (Zig:20)
  A green death (Pan)
  2 blizzard demons
  A vault guard (Vaults:3)
  A merfolk aquamancer (Zig:17)
  A stoker (Geh:4)
  A shadow demon (Zig:16)
  A spriggan simulacrum (Coc:7)
  2 will-o-the-wisps
  A smoke demon (Pan)
  A golden dragon simulacrum (Zig:25)
  2 hellwings (Pan)
  A bloated husk (Zig:22)
  3 humans (D:12)
  A swamp worm (Swamp:4)
  An ice beast (D:6)
  3 ball lightnings
  1091 fire vortices
  8 foxfires
  40 fulminant prisms
  4 starspawn tentacles
1171 creatures vanquished.

Grand Total: 5825 creatures vanquished

Notes
Turn   | Place    | Note
-------+----------+-------------------------------------------
     0 | D:1      | Chodeload the Deep Elf Wanderer began the quest for the
                  | Orb.
     0 | D:1      | Chodeload set off with the following items: a +2 falchion,
                  | a +0 pair of boots, a scroll of silence, a +0 robe; and the
                  | following spell memorised: Sting; and the following spells
                  | available to memorise: Mephitic Cloud.
     0 | D:1      | Reached XP level 1. HP: 10/10 MP: 5/5
   350 | D:1      | Reached skill level 1 in Conjurations
   350 | D:1      | Reached XP level 2. HP: 9/15 MP: 7/7
  1227 | D:2      | Got the Codex of the Supportive Figure
  1381 | D:2      | Reached XP level 3. HP: 19/19 MP: 9/9
  1959 | D:3      | Learned a level 3 spell: Mephitic Cloud
  2252 | D:3      | Reached XP level 4. HP: 24/24 MP: 10/10
  2333 | D:3      | Learned a level 2 spell: Poisonous Vapours
  2420 | D:3      | Found a snail-covered altar of Cheibriados.
  2445 | D:3      | Reached skill level 1 in Air Magic
  3102 | D:4      | Found an ancient bone altar of Kikubaaqudgha.
  3102 | D:4      | Found a sacrificial altar of Ru.
  3103 | D:4      | Found a white marble altar of Elyvilon.
  3110 | D:4      | Reached XP level 5. HP: 27/28 MP: 8/12
  3191 | D:4      | Noticed Sigmund
  3235 | D:4      | Killed Sigmund
  3236 | D:4      | Reached XP level 6. HP: 25/32 MP: 1/14
  3261 | D:4      | Learned a level 4 spell: Olgreb's Toxic Radiance
  3343 | D:4      | Reached skill level 5 in Poison Magic
  3359 | D:4      | Found a shadowy altar of Dithmenos.
  3416 | D:5      | Entered Level 5 of the Dungeon
  4327 | D:5      | Noticed an orc warrior
  4511 | D:6      | Noticed Duvessa
  4511 | D:6      | Noticed an ice beast
  4555 | D:6      | Noticed Dowan
  4555 | D:6      | Found a staircase to the Ecumenical Temple.
  4910 | D:5      | Reached XP level 7. HP: 24/36 MP: 15/15
  5027 | D:5      | Identified the +2 pair of gloves of Tomorrow {rPois rC+
                  | Slay-6 Stlth+}
  5167 | D:5      | Found a runed translucent door.
  5168 | D:5      | Noticed Crazy Yiuf
  5842 | Temple   | Entered the Ecumenical Temple
  5911 | Temple   | Became a worshipper of Vehumet
  6106 | D:7      | Reached XP level 8. HP: 41/41 MP: 7/16
  6658 | D:6      | Killed Dowan
  6937 | D:7      | Reached skill level 5 in Conjurations
  7153 | D:6      | Reached skill level 5 in Spellcasting
  7531 | D:6      | Reached skill level 1 in Fighting
  7561 | D:6      | Killed Duvessa
  7783 | D:7      | Noticed Prince Ribbit
  7821 | D:7      | Reached XP level 9. HP: 49/49 MP: 5/20
  7968 | D:7      | Reached * piety under Vehumet
  7968 | D:7      | Offered knowledge of Freeze by Vehumet.
  8324 | D:8      | Found an ornate altar of the Wu Jian Council.
  8515 | D:8      | Reached skill level 1 in Stealth
  8592 | D:8      | Found Hinyn's Book Shoppe.
  8604 | D:8      | Bought a book of Conjurations for 300 gold pieces
  8607 | D:8      | Learned a level 2 spell: Searing Ray
  8612 | D:8      | Learned a level 4 spell: Fulminant Prism
  8786 | D:9      | Found a staircase to the Lair.
  8844 | D:9      | Reached skill level 1 in Hexes
  8853 | D:9      | Noticed Psyche
  8889 | D:9      | Killed Psyche
  8904 | D:9      | Noticed Grum
  8911 | D:9      | Killed Grum
  9053 | D:9      | Noticed a troll
  9300 | D:8      | Reached skill level 5 in Stealth
  9534 | D:9      | Noticed Pikel
  9545 | D:8      | Killed Pikel
  9546 | D:8      | Reached skill level 5 in Hexes
  9546 | D:8      | Reached XP level 10. HP: 48/56 MP: 8/24
  9996 | D:10     | Entered Level 10 of the Dungeon
 10161 | D:10     | Found a stormy altar of Qazlal.
 10163 | D:10     | Reached skill level 1 in Ice Magic
 10221 | D:9      | Found a shimmering blue altar of Sif Muna.
 10427 | D:10     | You fall into a shaft and drop 1 floor!
 10525 | D:11     | Learned a level 3 spell: Ozocubu's Armour
 10539 | D:11     | Identified the +0 scale mail of the Mind {-Tele Rampage
                  | rC+}
 10625 | D:10     | Noticed a salamander
 10628 | D:10     | Noticed a deep elf pyromancer
 10628 | D:10     | Noticed an ogre mage
 10631 | D:10     | Noticed a boulder beetle
 10632 | D:10     | Noticed a deep elf zephyrmancer
 10657 | D:10     | Noticed a cyclops
 10661 | D:10     | Noticed an elephant
 10715 | D:10     | Found a basalt altar of Yredelemnul.
 10880 | D:10     | Offered knowledge of Momentum Strike by Vehumet.
 10884 | D:10     | Reached ** piety under Vehumet
 11133 | D:10     | Reached skill level 5 in Ice Magic
 11227 | D:11     | Noticed a green ugly thing
 11292 | Lair:1   | Entered Level 1 of the Lair of Beasts
 11292 | Lair:1   | Found a gate leading to a gauntlet.
 11395 | Gauntlet | Entered a Gauntlet
 11395 | Gauntlet | Noticed a torpor snail
 11395 | Gauntlet | Found a transporter.
 11395 | Gauntlet | Found a transporter.
 11398 | Gauntlet | Found a transporter.
 11399 | Gauntlet | Found a transporter.
 11402 | Gauntlet | Found a transporter.
 11403 | Gauntlet | Found a transporter.
 11410 | Gauntlet | Found a transporter.
 11411 | Gauntlet | Found a transporter.
 11412 | Gauntlet | Found a transporter.
 11413 | Gauntlet | Found a transporter.
 11415 | Gauntlet | Noticed a death scarab
 11419 | Gauntlet | Noticed a death scarab
 11421 | Gauntlet | Found a transporter.
 11502 | Gauntlet | Found a runed translucent door.
 11525 | Gauntlet | Found a transporter.
 11548 | Gauntlet | Learned a level 3 spell: Ignite Poison
 11587 | Lair:1   | Noticed a wolf spider
 11587 | Lair:1   | Noticed a wolf spider
 11591 | Lair:1   | Killed a wolf spider
 11593 | Lair:1   | Reached skill level 10 in Conjurations
 11596 | Lair:1   | Reached XP level 11. HP: 60/60 MP: 15/25
 11782 | Lair:1   | Killed a wolf spider
 11835 | Lair:1   | Found a runed translucent door.
 12256 | D:11     | Killed a green ugly thing
 12803 | D:11     | Reached skill level 10 in Spellcasting
 12816 | D:11     | Offered knowledge of Frozen Ramparts by Vehumet.
 13057 | D:11     | Noticed an obsidian statue
 13211 | D:12     | Noticed a cyan ugly thing
 13220 | D:12     | Killed a cyan ugly thing
 13339 | D:12     | Noticed a two-headed ogre
 13368 | D:12     | Killed a two-headed ogre
 13369 | D:12     | Noticed a tengu warrior
 13375 | D:12     | Learned a level 5 spell: Freezing Cloud
 13397 | D:12     | Killed a tengu warrior
 13793 | Lair:2   | Noticed a death yak
 13843 | Lair:1   | Reached *** piety under Vehumet
 13900 | Lair:1   | Reached XP level 12. HP: 64/64 MP: 26/28
 14346 | Lair:1   | Found a runed translucent gate.
 14346 | Lair:1   | Found a runed translucent gate.
 14346 | Lair:1   | Found a runed translucent gate.
 14346 | Lair:1   | Found a runed translucent gate.
 14346 | Lair:1   | Found a runed translucent gate.
 14346 | Lair:1   | Noticed a boulder beetle
 14347 | Lair:1   | Found a runed translucent gate.
 14347 | Lair:1   | Noticed a boulder beetle
 14348 | Lair:1   | Noticed a boulder beetle
 14392 | Lair:2   | Offered knowledge of Inner Flame by Vehumet.
 14396 | Lair:2   | Killed a death yak
 14401 | Lair:2   | Reached skill level 5 in Dodging
 14898 | Lair:2   | Reached **** piety under Vehumet
 15236 | Lair:3   | Offered knowledge of Arcjolt by Vehumet.
 15272 | Lair:3   | Found a dark tunnel.
 15350 | Volcano  | Entered a volcano
 15476 | Volcano  | Reached skill level 5 in Fighting
 15768 | Volcano  | Noticed a fire dragon
 15827 | Volcano  | Killed a fire dragon
 15828 | Volcano  | Reached XP level 13. HP: 72/72 MP: 15/30
 16302 | Lair:2   | Found a staircase to the Snake Pit.
 16730 | Lair:3   | Found a staircase to the Swamp.
 16861 | Lair:4   | Reached skill level 10 in Dodging
 16883 | Lair:4   | Reached ***** piety under Vehumet
 16969 | Lair:4   | Reached skill level 15 in Conjurations
 16981 | Lair:4   | Offered knowledge of Flame Wave by Vehumet.
 18047 | Lair:4   | Learned a level 4 spell: Flame Wave
 18193 | Lair:4   | Found a viscous altar of Jiyva.
 18193 | Lair:4   | Found a staircase to the Slime Pits.
 18277 | Lair:4   | Found a shadowy altar of Dithmenos.
 18540 | Lair:5   | Entered Level 5 of the Lair of Beasts
 18759 | Lair:4   | Reached skill level 5 in Fire Magic
 19164 | Lair:5   | Reached XP level 14. HP: 72/80 MP: 24/34
 19861 | Lair:5   | Identified the +2 plate armour "Icac" {-Tele rC+ rCorr
                  | Int+6}
 19862 | Lair:5   | Identified the +1 leather armour "Kidwoek" {Will+ rCorr
                  | MP-9 Dex+2}
 20656 | D:12     | Noticed Kirke
 20664 | D:12     | Killed Kirke
 20665 | D:12     | Reached skill level 1 in Shields
 20983 | D:12     | Found a staircase to the Orcish Mines.
 21026 | Orc:1    | Entered Level 1 of the Orcish Mines
 21033 | Orc:1    | Found Hobuv's Weapon Emporium.
 21260 | Orc:1    | Offered knowledge of Iskenderun's Mystic Blast by Vehumet.
 21332 | Orc:1    | Noticed an orc warlord
 21585 | Orc:2    | Entered Level 2 of the Orcish Mines
 21880 | Orc:1    | Reached skill level 5 in Shields
 21891 | Orc:1    | Noticed an orc warlord
 21987 | Orc:1    | Killed an orc warlord
 22102 | Orc:1    | Killed an orc warlord
 22290 | Orc:1    | Got Zoanec's Vademecum on Frost and Amathomancy
 22614 | Orc:2    | Noticed Jorgrun
 22638 | Orc:2    | Killed Jorgrun
 22873 | Orc:2    | Found Faotym Fuf's Overcharged Wands.
 22877 | Orc:2    | Offered knowledge of Starburst by Vehumet.
 22956 | Orc:2    | Found a staircase to the Elven Halls.
 23206 | Orc:2    | Found Noaw's Distillery.
 23324 | Orc:2    | Found Ysiq's Distillery.
 23487 | Orc:2    | Bought a potion of cancellation for 96 gold pieces
 23487 | Orc:2    | Bought a potion of enlightenment for 60 gold pieces
 23487 | Orc:2    | Bought a potion of haste for 120 gold pieces
 23487 | Orc:2    | Bought a potion of resistance for 120 gold pieces
 23487 | Orc:2    | Bought 2 potions of attraction for 72 gold pieces
 23489 | Orc:2    | Bought a potion of might for 64 gold pieces
 24028 | Orc:2    | Reached XP level 15. HP: 88/88 MP: 25/35
 24197 | Orc:2    | Found Hykist's Antique Weapon Boutique.
 24197 | Orc:2    | Found Sifaan's Book Shop.
 24197 | Orc:2    | Found a one-way gate leading to the halls of Pandemonium.
 24238 | Orc:2    | Bought a book of the Spheres for 810 gold pieces
 24244 | Orc:2    | Learned a level 5 spell: Fireball
 24529 | D:12     | Noticed Nergalle
 24533 | D:12     | Killed Nergalle
 24773 | D:12     | Noticed Nessos
 24776 | D:12     | Killed Nessos
 24859 | D:12     | Noticed Frances
 24867 | D:12     | Killed Frances
 24949 | D:12     | Noticed Lodul
 24953 | D:12     | Killed Lodul
 24963 | D:12     | Offered knowledge of Yara's Violent Unravelling by Vehumet.
 25715 | D:13     | Found a shimmering blue altar of Sif Muna.
 25903 | D:13     | Found Lonom's Jewellery Boutique.
 25911 | D:13     | Bought a ring of see invisible for 210 gold pieces
 26149 | D:13     | Reached skill level 10 in Fire Magic
 26225 | D:13     | Noticed Rupert
 26272 | D:13     | Found a gate to the Vaults.
 26617 | D:14     | Noticed Azrael
 26690 | D:14     | Found Oschokh's Magic Scroll Shop.
 26696 | D:14     | Bought a scroll of blinking for 135 gold pieces
 27199 | D:15     | Entered Level 15 of the Dungeon
 28045 | D:15     | Reached ****** piety under Vehumet
 28045 | D:15     | Offered knowledge of Plasma Beam by Vehumet.
 28304 | D:15     | Reached XP level 16. HP: 97/97 MP: 8/36
 28893 | D:15     | Reached skill level 10 in Fighting
 28990 | D:15     | Found a staircase to the Depths.
 29070 | D:14     | Killed Azrael
 29325 | Snake:1  | Entered Level 1 of the Snake Pit
 29546 | Snake:1  | Reached skill level 10 in Shields
 30078 | Snake:1  | Identified a scroll of acquirement
 30079 | Snake:1  | Acquired 1003 gold pieces
 31364 | Snake:2  | You fall into a shaft and drop 1 floor!
 31372 | Snake:3  | Found Ufeis's Weapon Shop.
 31375 | Snake:3  | Found Wiynu's Magic Scroll Boutique.
 31377 | Snake:3  | Found Xiebaoho's Book Shop.
 31394 | Snake:3  | Bought a scroll of blinking for 112 gold pieces
 31396 | Snake:3  | Bought a book of Spatial Translocations for 288 gold pieces
 31399 | Snake:3  | Learned a level 2 spell: Blink
 31521 | Snake:2  | Reached skill level 1 in Translocations
 31541 | Snake:2  | Offered knowledge of Leda's Unmaking by Vehumet.
 31650 | Snake:2  | Noticed Nikola
 31664 | Snake:2  | Killed Nikola
 31743 | Snake:2  | Learned a level 6 spell: Leda's Unmaking
 31891 | Snake:2  | Reached skill level 1 in Earth Magic
 32635 | Snake:3  | Reached skill level 5 in Earth Magic
 32900 | Snake:3  | Reached XP level 17. HP: 102/102 MP: 31/37
 33403 | Snake:4  | Entered Level 4 of the Snake Pit
 34473 | Snake:4  | Offered knowledge of Ignition by Vehumet.
 36012 | Snake:4  | Got a serpentine rune of Zot
 36195 | Swamp:1  | Entered Level 1 of the Swamp
 36410 | Swamp:1  | Noticed Mlioglotl
 36414 | Swamp:1  | Killed Mlioglotl
 36582 | Swamp:1  | Reached skill level 15 in Fire Magic
 37367 | Swamp:2  | Found an opulent altar of Gozag.
 37386 | Swamp:2  | Reached XP level 18. HP: 107/107 MP: 27/38
 38210 | Swamp:3  | Offered knowledge of Fire Storm by Vehumet.
 38210 | Swamp:3  | Offered knowledge of Polar Vortex by Vehumet.
 38210 | Swamp:3  | Offered knowledge of Maxwell's Capacitive Coupling by
                  | Vehumet.
 38534 | Swamp:4  | Entered Level 4 of the Swamp
 39017 | Swamp:3  | Acquired 815 gold pieces
 40297 | Swamp:4  | Got a decaying rune of Zot
 40571 | Vaults:1 | Entered Level 1 of the Vaults
 41222 | D:13     | Killed Rupert
 42953 | Vaults:2 | Found a runed translucent gate.
 42953 | Vaults:2 | Found a runed translucent gate.
 42953 | Vaults:2 | Found a runed translucent gate.
 42953 | Vaults:2 | Noticed Rinoumap's ghost (adept TrCK)
 43180 | Elf:1    | Entered Level 1 of the Elven Halls
 43183 | Elf:1    | Reached XP level 19. HP: 112/112 MP: 31/39
 43304 | Elf:1    | Found a runed translucent gate.
 43304 | Elf:1    | Found a runed translucent gate.
 43304 | Elf:1    | Found a runed translucent gate.
 43304 | Elf:1    | Noticed Vadun's ghost (journeyman MiMo)
 44326 | Elf:2    | Found the +9 scales of the Dragon King {rPois rF+ rC+
                  | Will+}
 44328 | Abyss:2  | Cast into level 2 of the Abyss (a deep elf demonologist)
 44427 | Abyss:2  | Found a corrupted altar of Lugonu.
 44586 | Abyss:2  | Found a corrupted altar of Lugonu.
 44672 | Abyss:3  | Found a corrupted altar of Lugonu.
 44681 | Abyss:3  | Found a corrupted altar of Lugonu.
 44755 | Abyss:3  | Noticed a bone dragon
 44766 | Abyss:3  | Killed a bone dragon
 45381 | Elf:2    | Escaped the Abyss
 45913 | Elf:1    | Learned a level 8 spell: Ignition
 46478 | Elf:2    | Found Cyrojad's Antique Armour Shop.
 46505 | Elf:2    | Found a runed translucent gate.
 46505 | Elf:2    | Found a runed translucent gate.
 46505 | Elf:2    | Found a runed translucent gate.
 46549 | Elf:2    | Paralysed by an air elemental for 1 turns
 47569 | Elf:2    | Found a runed translucent gate.
 47569 | Elf:2    | Found a runed translucent gate.
 47569 | Elf:2    | Found a runed translucent gate.
 47569 | Elf:2    | Found a runed translucent gate.
 47569 | Elf:2    | Found a runed translucent gate.
 47571 | Elf:2    | Found a runed translucent gate.
 47676 | Elf:2    | Reached skill level 15 in Spellcasting
 47923 | Elf:2    | Found a huge runed translucent gate.
 47923 | Elf:2    | Found a huge runed translucent gate.
 47923 | Elf:2    | Found a huge runed translucent gate.
 47924 | Elf:2    | Found a huge runed translucent gate.
 47931 | Elf:2    | Found a huge runed translucent gate.
 48096 | Elf:3    | Entered Level 3 of the Elven Halls
 48150 | Elf:3    | Paralysed by an air elemental for 1 turns
 48349 | Elf:3    | Reached XP level 20. HP: 117/117 MP: 41/41
 48496 | Elf:3    | Found a frozen archway.
 48506 | IceCv    | Entered an ice cave
 48817 | IceCv    | Identified the ring "Vexoarimp" {rF+ Will+}
 49010 | IceCv    | Identified the ring "Roif" {rF+ rN+ EV+5 Dex+3 Slay+2}
 49575 | Snake:3  | Bought a manual of Shields for 1280 gold pieces
 49888 | Elf:1    | Found a viscous altar of Jiyva.
 50141 | Elf:3    | Identified the staff of conjuration "Uhar" {rPois}
 50231 | Elf:3    | Identified the amulet "Wifav" {Faith rF++ rN+ Dex-5}
 50743 | Elf:3    | Identified the ring "Utocunt" {rF- rC+ MP+9 EV+5 Slay+2}
 50747 | Elf:3    | Identified the +10 flail "Oferij" {antimagic, rF- Str+5
                  | Dex+5}
 51074 | Elf:3    | Found a portal to a secret trove of treasure.
 51261 | Elf:3    | Acquired a +3 hand crossbow of freezing
 51272 | Elf:3    | Reached skill level 10 in Ice Magic
 51272 | Elf:3    | Identified the +7 halberd of Articulation {holy, rF+}
 51401 | Elf:3    | Identified the amulet of the Ban {Acrobat rC++ Dex+4}
 51476 | Elf:3    | Identified the +0 chain mail of the Final Youths {rF++
                  | Regen+}
 51476 | Elf:3    | Identified the amulet of the Tentacled God {Reflect rF++
                  | Dex-5 SH+5}
 51565 | Elf:3    | Identified the amulet "Geci Vaitt" {Acrobat Harm}
 51974 | Elf:2    | Reached skill level 10 in Stealth
 53690 | Vaults:2 | Reached skill level 15 in Shields
 53845 | Vaults:3 | Reached XP level 21. HP: 122/122 MP: 35/42
 54461 | Vaults:2 | Reached skill level 15 in Stealth
 55007 | Vaults:3 | Identified the +5 spear of Eternal Night {venom, Int+2}
 55590 | Vaults:3 | Found the necklace of Bloodlust {Fury *Rage Will++ Int-3
                  | Slay+6}
 55760 | Vaults:3 | Found a staircase to the Crypt.
 56420 | Vaults:3 | Noticed Saint Roka
 56785 | Vaults:3 | Found Ziadwoss's Weapon Shoppe.
 56899 | Vaults:3 | Killed Saint Roka
 58383 | Vaults:4 | Learned a level 9 spell: Fire Storm
 58647 | Vaults:4 | Noticed Margery
 58648 | Vaults:4 | Killed Margery
 58903 | Depths:1 | Entered Level 1 of the Depths
 58914 | Depths:1 | Noticed a caustic shrike
 59272 | Elf:1    | Killed Vadun's ghost
 59348 | Elf:2    | Reached XP level 22. HP: 120/127 MP: 45/45
 59356 | Elf:2    | Found a runed translucent gate.
 59356 | Elf:2    | Found a runed translucent gate.
 59358 | Elf:2    | Noticed roninjake's ghost (adept MiHu)
 59360 | Elf:2    | Found a runed translucent gate.
 59508 | Elf:2    | Upgraded the game from 0.31-a0-117-g42d8f58691 to
                  | 0.31-a0-121-g1e386dd289
 59664 | Elf:3    | You paid a toll of +4 ice dragon scales to enter a treasure
                  | trove
 59665 | Trove    | Entered a treasure trove
 59670 | Trove    | Found the +9 sword of Power {lifebolt}
 59673 | Trove    | Identified the +6 eveningstar of Prudence {heavy, *Noise
                  | rN+ Dex+5}
 59684 | Trove    | Identified the ring "Nyture" {Fire Str+3 Dex+4}
 59721 | Elf:3    | Reached XP level 23. HP: 132/132 MP: 46/46
 60103 | D:8      | Bought a manual of Armour for 1200 gold pieces
 60273 | Snake:3  | Bought a scroll of enchant armour for 112 gold pieces
 60273 | Snake:3  | Bought a scroll of enchant armour for 112 gold pieces
 60273 | Snake:3  | Bought a scroll of amnesia for 60 gold pieces
 60273 | Snake:3  | Bought a scroll of fog for 60 gold pieces
 60273 | Snake:3  | Bought a scroll of teleportation for 45 gold pieces
 60606 | D:14     | Bought a scroll of amnesia for 72 gold pieces
 60606 | D:14     | Bought a scroll of teleportation for 54 gold pieces
 60606 | D:14     | Bought a scroll of enchant weapon for 135 gold pieces
 60963 | Depths:1 | Killed a caustic shrike
 60964 | Depths:1 | Reached skill level 1 in Armour
 61730 | Depths:2 | Found a sacrificial altar of Ru.
 61750 | Depths:1 | Found Kapixynk's Jewellery Shoppe.
 61750 | Depths:1 | Found Cabil's Book Shop.
 61751 | Depths:1 | Found Faixius's Jewellery Shoppe.
 61840 | Depths:1 | Found a gateway to Hell.
 61879 | Depths:1 | Found a glowing silver altar of Zin.
 61930 | Depths:1 | Reached skill level 5 in Armour
 62076 | Depths:1 | Acquired the +0 helmet "Neowk" {Int+3 Slay+2}
 62406 | Depths:2 | You are sucked into a shaft and drop 1 floor!
 62412 | Depths:3 | Noticed Xtahua
 62540 | Depths:2 | Found a transporter.
 62544 | Depths:2 | Found the +8 demon blade "Leech" {evervamp, Harm Drain rN+}
 62754 | Depths:2 | Found a transporter.
 62900 | Depths:2 | Learned a level 4 spell: Passage of Golubria
 62904 | Depths:2 | Found a bloodstained altar of Trog.
 63118 | Depths:2 | Found Cyp Sory's Weapon Shoppe.
 63258 | Depths:2 | Learned a level 2 spell: Sublimation of Blood
 63304 | Depths:2 | Noticed a juggernaut
 63305 | Depths:2 | Noticed a juggernaut
 63308 | Depths:2 | Noticed a juggernaut
 63309 | Depths:2 | Killed a juggernaut
 63318 | Depths:2 | Reached skill level 5 in Necromancy
 63399 | Depths:2 | Killed a juggernaut
 63400 | Depths:2 | Killed a juggernaut
 63437 | Depths:2 | Identified the ring "Vearik" {rC- rCorr Dex+4 SInv Stlth+}
 63444 | Depths:2 | Identified the ring of Samaj {Fly rElec rPois rF- Dex+6}
 63558 | Depths:3 | Killed Xtahua
 63585 | Depths:3 | Noticed a juggernaut
 63588 | Depths:3 | Found a bloodstained altar of Trog.
 63745 | Depths:4 | Entered Level 4 of the Depths
 63839 | Depths:3 | Found a one-way gate to the infinite horrors of the Abyss.
 63895 | Depths:3 | Found a transporter.
 63902 | Depths:3 | Reached XP level 24. HP: 91/137 MP: 28/47
 63955 | Depths:3 | Found an iron altar of Okawaru.
 63986 | Depths:3 | Found a transporter.
 63989 | Depths:3 | Reached skill level 10 in Necromancy
 64001 | Depths:3 | Found a one-way gateway to a ziggurat.
 64234 | Depths:4 | Reached skill level 10 in Armour
 64463 | Depths:4 | Found Hueskaej's Jewellery Shop.
 64471 | Depths:4 | Noticed a juggernaut
 64473 | Depths:4 | Killed a juggernaut
 64546 | Depths:4 | Found Leseen's General Store.
 64556 | Depths:4 | Bought a scroll of blinking for 90 gold pieces
 64930 | Depths:4 | Found a runed translucent door.
 65006 | Depths:4 | Found a runed translucent door.
 65009 | Depths:4 | Found a runed translucent door.
 65052 | Depths:4 | Found a runed translucent door.
 65057 | Depths:4 | Found a runed translucent door.
 65070 | Depths:4 | Found a runed translucent door.
 65152 | Depths:4 | Found a gate to the Realm of Zot.
 65625 | Slime:1  | Entered Level 1 of the Pits of Slime
 65990 | Slime:5  | Entered Level 5 of the Pits of Slime
 66071 | Slime:5  | Killed the Royal Jelly
 66436 | Slime:4  | Reached XP level 25. HP: 145/145 MP: 43/47
 66532 | Slime:5  | Got the Secrets of the Death Scarab
 66540 | Slime:5  | Got a slimy rune of Zot
 66565 | Slime:5  | Got the Dissertation on Fever and Cryomancy
 66578 | Slime:5  | Identified the +9 broad axe of Causality {heavy, rC+ rN+++
                  | rCorr Dex-4}
 66602 | Slime:5  | Identified the staff of poison "Tehibat" {Fragile rPois
                  | Will++ rCorr Stlth+}
 66623 | Slime:5  | Identified the +5 scale mail of Greater Demons {Str+5
                  | Dex+2}
 67081 | Vaults:5 | Entered Level 5 of the Vaults
 67207 | Vaults:5 | Identified the +8 rapier of the Spider Nest {speed, rN+
                  | Stlth+}
 67351 | Vaults:5 | Got a silver rune of Zot
 67356 | Vaults:5 | Identified the amulet "Fiajolue" {Acrobat Contam Regen+
                  | rCorr Stlth+}
 67369 | Vaults:5 | Identified the +3 leather armour "Keowurgh" {rElec rF+
                  | Int+3}
 67511 | Vaults:5 | Killed a dread lich
 67991 | Vaults:5 | Identified the staff of death "Maselac" {rC- rN+ Will++
                  | SInv}
 68111 | Vaults:5 | Identified the +1 halberd of Calamity {elec, Str+4 Dex+3}
 68152 | Vaults:5 | Identified the ring of Lesadus {rF+ MP+9 Int+5}
 68237 | Vaults:5 | Identified the staff of air "Cots" {rElec Will+ Int+8
                  | Dex-2}
 68374 | Vaults:5 | Reached skill level 15 in Fighting
 68804 | Vaults:5 | Learned a level 1 spell: Apportation
 68807 | Vaults:5 | Upgraded the game from 0.31-a0-121-g1e386dd289 to
                  | 0.31-a0-128-g25add195a6
 68897 | Crypt:1  | Entered Level 1 of the Crypt
 69197 | Crypt:2  | Reached skill level 15 in Ice Magic
 69240 | Crypt:2  | Noticed Bai Suzhen
 69242 | Crypt:2  | Killed Bai Suzhen
 69282 | Crypt:2  | Found a magical portal.
 69294 | WizLab   | Entered The Hall of the Hellbinder
 69514 | WizLab   | Found a burning altar of Makhleb.
 69543 | WizLab   | Identified the ring "Gaacs" {Will+ Str+3}
 69591 | WizLab   | Got the Tome of the Entourage
 69597 | WizLab   | Identified the ring "Qoist" {Fly rPois Will++ rCorr Str-2}
 69836 | Crypt:3  | Entered Level 3 of the Crypt
 70024 | Crypt:2  | Reached XP level 26. HP: 160/160 MP: 47/47
 70638 | Crypt:3  | Learned a level 8 spell: Lehudib's Crystal Spear
 70743 | Crypt:3  | Identified the +9 flail "Eniegih" {flame, Dex+8}
 70743 | Crypt:3  | Identified the ring of the Centipede {MP+9 Str+6}
 70768 | Crypt:3  | Got the Octavo of Unhallowed Spells
 70784 | Crypt:3  | Learned a level 3 spell: Mephitic Cloud
 70795 | Crypt:3  | Learned a level 9 spell: Polar Vortex
 70810 | Crypt:3  | Identified the +0 leather armour of the Raven {rF++ Stlth+}
 70955 | Crypt:3  | Found a basalt altar of Yredelemnul.
 71315 | Crypt:3  | Found a staircase to the Tomb.
 71328 | Crypt:3  | Reached XP level 27. HP: 164/164 MP: 49/49
 71540 | Crypt:3  | Identified the amulet of the Sneaky Lies {rC+ Regen+ rCorr}
 71540 | Crypt:3  | Identified the ring of Foben {+Blink rN+ Str+5 Dex-3}
 71540 | Crypt:3  | Identified the ring of Cikem {rElec rF+ rN+}
 72157 | Zot:1    | Entered Level 1 of the Realm of Zot
 73085 | Zot:2    | Found a runed translucent gate.
 73085 | Zot:2    | Found a runed translucent gate.
 73085 | Zot:2    | Found a runed translucent gate.
 73085 | Zot:2    | Noticed Zeaxzic Paph's ghost (veteran OgBe)
 73091 | Zot:2    | Noticed Oriecen's ghost (master DsEE)
 73177 | Zot:2    | Noticed an ancient lich
 73178 | Zot:2    | Killed an ancient lich
 73310 | Zot:2    | Identified the +2 leather armour of Fun {rF- rN++ Regen+
                  | Int+3}
 73583 | Zot:2    | Learned a level 8 spell: Infestation
 73610 | Zot:2    | Learned a level 6 spell: Death Channel
 74697 | Zot:3    | Reached skill level 15 in Necromancy
 74718 | Zot:4    | Noticed an orb of fire
 74722 | Zot:4    | Killed an orb of fire
 76007 | Zot:1    | Noticed Vv
 76405 | Vaults:2 | Killed Rinoumap's ghost
 76564 | Orc:2    | Bought a potion of heal wounds for 60 gold pieces
 76564 | Orc:2    | Bought a potion of mutation for 96 gold pieces
 76564 | Orc:2    | Bought a potion of curing for 36 gold pieces
 76564 | Orc:2    | Bought a potion of curing for 36 gold pieces
 76564 | Orc:2    | Bought a potion of ambrosia for 96 gold pieces
 76566 | Orc:2    | Bought a potion of might for 64 gold pieces
 76566 | Orc:2    | Bought a potion of attraction for 48 gold pieces
 76566 | Orc:2    | Bought a potion of heal wounds for 80 gold pieces
 76566 | Orc:2    | Bought a potion of haste for 160 gold pieces
 76566 | Orc:2    | Bought a potion of enlightenment for 80 gold pieces
 76681 | D:11     | Identified the +8 longbow "Beetlebane" {speed, rN+}
 76985 | Depths:3 | Learned a level 8 spell: Borgnjor's Revivification
 76986 | Zig:1    | Entered Level 1 of a ziggurat
 77008 | Zig:2    | Entered Level 2 of a ziggurat
 77076 | Zig:3    | Entered Level 3 of a ziggurat
 77099 | Zig:4    | Entered Level 4 of a ziggurat
 77137 | Zig:5    | Entered Level 5 of a ziggurat
 77164 | Zig:6    | Entered Level 6 of a ziggurat
 77169 | Zig:6    | Noticed a juggernaut
 77176 | Zig:6    | Killed a juggernaut
 77186 | Zig:6    | Identified the +5 quarterstaff "Nula" {distort, rElec rF-
                  | rN+++ Int-4}
 77198 | Zig:6    | Identified the amulet "Vig Woe" {RegenMP *Slow rC+ Int+4
                  | Stlth+}
 77206 | Zig:7    | Entered Level 7 of a ziggurat
 77209 | Zig:7    | Noticed Goeh the pandemonium lord
 77217 | Zig:7    | Killed Goeh the pandemonium lord
 77248 | Zig:8    | Entered Level 8 of a ziggurat
 77272 | Zig:8    | Got the Anthology of Cold and Reformation
 77274 | Zig:8    | Identified the +8 battleaxe of Horahif {venom, Str-4 Int+5
                  | Dex+2 Stlth+}
 77276 | Zig:8    | Got the Compendium of Clouds
 77289 | Zig:9    | Entered Level 9 of a ziggurat
 77307 | Zig:9    | Found the +5 scythe "Finisher" {speed, execute}
 77307 | Zig:9    | Found the ring of Shadows {Umbra +Inv Stlth+}
 77318 | Zig:9    | Identified the +4 great mace of Acadesyng {freeze, *Rage
                  | rF+ Dex+4}
 77321 | Zig:9    | Identified the ring of Tiomnuj {rC- Str+6 Slay+3 Stlth+}
 77325 | Zig:9    | Identified the +2 hand axe "Kucsit" {drain, +Blink rF-
                  | Will- rCorr}
 77451 | Zig:10   | Entered Level 10 of a ziggurat
 77488 | Zig:10   | Identified the +11 morningstar of the Dwarven Hall {spect,
                  | rPois rCorr}
 77502 | Zig:11   | Entered Level 11 of a ziggurat
 77509 | Zig:11   | Reached skill level 27 in Spellcasting
 77514 | Zig:11   | Reached skill level 1 in Transmutations
 77524 | Zig:11   | Identified the +3 leather armour of Fedhas's Benevolence
                  | {-Tele rC- Str+7 Slay+6}
 77537 | Zig:11   | Identified the +5 dire flail of Dishonesty {speed, rElec
                  | rC+ SInv}
 77553 | Zig:11   | Learned a level 4 spell: Iskenderun's Mystic Blast
 77554 | Zig:12   | Entered Level 12 of a ziggurat
 77565 | Zig:12   | Killed an ancient lich
 77566 | Zig:12   | Noticed a dread lich
 77567 | Zig:12   | Killed a dread lich
 77569 | Zig:12   | Found the +3 greatsling "Punk" {acid, rCorr}
 77570 | Zig:12   | Found the +11 plutonium sword {Contam Stlth-}
 77590 | Zig:12   | Identified the ring "Anaengej" {Wiz Dex+4}
 77598 | Zig:12   | Identified the ring of Yesterday {Ice rElec Int+3 Stlth-}
 77611 | Zig:13   | Entered Level 13 of a ziggurat
 77653 | Zig:13   | Identified the +2 robe "Tezune" {Drain +Blink Str-4
                  | Archmagi}
 77662 | Zig:13   | Got the Anthology of Patterns
 77664 | Zig:13   | Identified the +1 long sword of Guajet {antimagic, rElec
                  | Will+ Str-5}
 77669 | Zig:13   | Identified the staff of conjuration "Tots" {rPois rCorr
                  | Int+3}
 77677 | Zig:14   | Entered Level 14 of a ziggurat
 77730 | Zig:14   | Identified the +3 falchion of the End {drain, Int+7}
 77740 | Zig:15   | Entered Level 15 of a ziggurat
 77752 | Zig:15   | Reached skill level 10 in Transmutations
 77753 | Zig:15   | Reached skill level 10 in Earth Magic
 77838 | Zig:16   | Entered Level 16 of a ziggurat
 77855 | Zig:16   | Noticed Girauhay the pandemonium lord
 77857 | Zig:16   | Killed Girauhay the pandemonium lord
 77885 | Zig:16   | Learned a level 8 spell: Necromutation
 77890 | Zig:16   | Identified the ring "Roisehau" {Fly rCorr Str+5}
 77906 | Zig:16   | Reached skill level 15 in Transmutations
 77965 | Zig:17   | Entered Level 17 of a ziggurat
 78000 | Zig:17   | Found the +8 Vampire's Tooth {megavamp}
 78019 | Zig:17   | Identified the staff of earth "Ygyas" {Fly Str+3 Dex+2
                  | SInv}
 78024 | Zig:17   | Identified the +4 longbow "Newtslayer" {drain, rElec Int+3}
 78045 | Zig:17   | Identified the +0 cloak of the Equator {+Blink Regen+
                  | Dex-2}
 78046 | Zig:17   | Identified the ring "Jigifrup" {rF+ SInv}
 78084 | Zig:18   | Entered Level 18 of a ziggurat
 78094 | Zig:18   | Reached skill level 1 in Throwing
 78102 | Zig:18   | Noticed Gizxelut the pandemonium lord
 78106 | Zig:18   | Reached skill level 5 in Throwing
 78106 | Zig:18   | Reached skill level 5 in Evocations
 78108 | Zig:18   | Killed Gizxelut the pandemonium lord
 78139 | Zig:18   | Identified the amulet of the Original Sin {Faith Rampage}
 78143 | Zig:18   | Identified the +6 bardiche of Recklessness {heavy, *Rage
                  | rPois rF+}
 78144 | Zig:18   | Identified the +6 hand axe "Femeck" {freeze, rPois}
 78161 | Zig:18   | Identified the ring "Lyebriji" {Ice rN++ MP+9 Str-2 SInv}
 78196 | Zig:19   | Entered Level 19 of a ziggurat
 78262 | Zig:19   | Identified the +5 flail "Murmur" {antimagic, rC++ Will++
                  | Int-2}
 78265 | Zig:19   | Got the Vellum of Familiar Execration
 78272 | Zig:19   | Identified the +4 orcbow of the Gnat {speed, Dex+4}
 78322 | Zig:20   | Entered Level 20 of a ziggurat
 78335 | Zig:20   | Noticed Himmaryad's ghost (adept TrMo)
 78335 | Zig:20   | Noticed Hewasun's ghost (legendary MiBe)
 78336 | Zig:20   | Noticed Anafel's ghost (legendary GrFi)
 78336 | Zig:20   | Noticed deprived's ghost (legendary HOFi)
 78337 | Zig:20   | Noticed reasonance's ghost (legendary HOMo)
 78337 | Zig:20   | Noticed frimble's ghost (adept DsGl)
 78337 | Zig:20   | Noticed Amikeex's ghost (adept TrMo)
 78338 | Zig:20   | Noticed Marixus's ghost (legendary DDFi)
 78339 | Zig:20   | Reached skill level 15 in Dodging
 78339 | Zig:20   | Killed Anafel's ghost
 78340 | Zig:20   | Noticed melllvar's ghost (legendary MiBe)
 78340 | Zig:20   | Noticed bakla's ghost (legendary KoBr)
 78341 | Zig:20   | Killed Himmaryad's ghost
 78341 | Zig:20   | Killed Hewasun's ghost
 78341 | Zig:20   | Killed Amikeex's ghost
 78342 | Zig:20   | Noticed ebarrett's ghost (legendary HOCA)
 78343 | Zig:20   | Killed frimble's ghost
 78344 | Zig:20   | Killed bakla's ghost
 78345 | Zig:20   | Noticed grandjackal's ghost (legendary DsGl)
 78345 | Zig:20   | Killed grandjackal's ghost
 78345 | Zig:20   | Killed melllvar's ghost
 78347 | Zig:20   | Killed Marixus's ghost
 78347 | Zig:20   | Noticed Boduf's ghost (legendary FoHu)
 78347 | Zig:20   | Noticed TittyCrusher's ghost (legendary DjIE)
 78350 | Zig:20   | Killed deprived's ghost
 78351 | Zig:20   | Killed ebarrett's ghost
 78353 | Zig:20   | Killed reasonance's ghost
 78354 | Zig:20   | Killed Boduf's ghost
 78355 | Zig:20   | Killed TittyCrusher's ghost
 78369 | Zig:20   | Identified the staff of poison "Idgheu" {rPois rN+ Str+4}
 78375 | Zig:20   | Identified the +0 robe of Eblyhede {Will+ MP+9 Str+4}
 78379 | Zig:20   | Identified the +2 flail of Internal Strife {vamp, Str+4}
 78397 | Zig:20   | Identified the staff of conjuration "Qunig" {SInv}
 78447 | Zig:21   | Entered Level 21 of a ziggurat
 78490 | Zig:21   | Noticed a dread lich
 78500 | Zig:21   | Killed a dread lich
 78559 | Zig:21   | Got the Discursus on Transformation and Support
 78583 | Zig:21   | Identified the staff of poison "Vidox" {rElec rPois Int-4
                  | Dex+2}
 78584 | Zig:21   | Identified the staff of air "Hafops" {rElec rPois MP+9
                  | Dex+2}
 78586 | Zig:21   | Identified the staff of fire "Boemu" {Fly rF+}
 78589 | Zig:21   | Identified the staff of conjuration "Utsac" {+Blink rF+}
 78592 | Zig:21   | Identified the +6 trident of Youthful Indiscretion {drain,
                  | Str+5 Int+3}
 78593 | Zig:21   | Identified the +6 glaive of Kindness {pain, rElec rPois
                  | Str-3 Int+4}
 78624 | Zig:22   | Entered Level 22 of a ziggurat
 78650 | Zig:22   | Found the +7 great mace "Firestarter" {flame, immolate,
                  | rFlCloud rF++}
 78663 | Zig:22   | Identified the +5 quarterstaff "Unoaneto" {protect, Str+5
                  | Int+2}
 78679 | Zig:22   | Identified the ring of Harr {rN+ AC+4}
 78691 | Zig:22   | Identified the +1 glaive of Upheaval {freeze, rPois rCorr}
 78695 | Zig:22   | Identified the staff of cold "Horowat" {rPois rC+}
 78748 | Zig:23   | Entered Level 23 of a ziggurat
 78768 | Zig:23   | Reached skill level 10 in Evocations
 78830 | Zig:23   | Found the macabre finger necklace {Finger+ rN+}
 78841 | Zig:23   | Identified the +7 quarterstaff "Aklal" {pain, Fly Will+}
 78845 | Zig:23   | Identified the staff of fire "Moneun Poib" {rF+ Dex+4}
 78868 | Zig:23   | Identified the +6 battleaxe "Ipublozeif" {spect, rCorr
                  | Str+3}
 78931 | Zig:24   | Entered Level 24 of a ziggurat
 78942 | Zig:24   | Reached skill level 15 in Earth Magic
 78991 | Zig:24   | Identified the staff of air "Cief Otwyu" {Fly rElec Str-3
                  | Dex+3}
 78994 | Zig:24   | Identified the +5 rapier of the Ship {drain, rPois rF+ rC-
                  | rN+}
 79013 | Zig:24   | Identified the staff of air "Zogafao" {rElec Int+4}
 79051 | Zig:24   | Acquired a book of Annihilations
 79053 | Zig:24   | Acquired 652 gold pieces
 79100 | Zig:25   | Entered Level 25 of a ziggurat
 79123 | Zig:25   | Paralysed by a wendigo for 1 turns
 79142 | Zig:25   | Identified the +9 quarterstaff of Resourcefulness {speed,
                  | rC++ Str+6 Dex-3}
 79149 | Zig:25   | Identified the +4 scale mail "Yquete" {Rampage}
 79150 | Zig:25   | Identified the +8 mace "Hyxtux" {venom, Str+2 Stlth+}
 79160 | Zig:25   | Identified the amulet of Wu Jian's Grace {Acrobat rF-
                  | Will++}
 79168 | Zig:25   | Identified the ring "Amulafulu" {*Slow rPois rC++ rCorr
                  | SInv}
 79173 | Zig:25   | Identified the +2 chain mail of the Lair of Beasts {rF+
                  | rCorr Dex+2}
 79176 | Zig:25   | Identified the staff of conjuration "Vowourcha" {*Slow
                  | Str+5 Stlth+}
 79241 | Zig:25   | Learned a level 9 spell: Shatter
 79281 | Zig:26   | Entered Level 26 of a ziggurat
 79290 | Zig:26   | Noticed a dread lich
 79298 | Zig:26   | Killed a dread lich
 79305 | Zig:26   | Noticed a dread lich
 79307 | Zig:26   | Noticed a dread lich
 79310 | Zig:26   | Killed a dread lich
 79310 | Zig:26   | Killed a dread lich
 79311 | Zig:26   | Noticed a dread lich
 79313 | Zig:26   | Killed a dread lich
 79313 | Zig:26   | Killed a dread lich
 79328 | Zig:26   | Found the +4 consecrated labrys {holy, Valiant Fragile Fly
                  | SInv}
 79329 | Zig:26   | Found the +9 sword of Zonguldrok {reap}
 79334 | Zig:26   | Identified the amulet "Esifadd" {Reflect Will+ SH+5}
 79352 | Zig:26   | Identified the +0 chain mail of Yesterday {-Tele rPois
                  | Dex+8}
 79356 | Zig:26   | Identified the ring of Sadole Pedi {Fire rElec rPois}
 79372 | Zig:26   | Identified the ring of Celadusa {rElec AC+4 Str+4 Dex-3
                  | SInv}
 79484 | Zig:27   | Entered Level 27 of a ziggurat
 79493 | Zig:27   | Noticed a dread lich
 79497 | Zig:27   | Killed a dread lich
 79498 | Zig:27   | Noticed a dread lich
 79499 | Zig:27   | Killed a dread lich
 79507 | Zig:27   | Killed a dread lich
 79511 | Zig:27   | Killed an ancient lich
 79542 | Zig:27   | Identified the +7 orcbow of Ujegepa {heavy, rPois MP-9
                  | Str+2 Stlth+}
 79550 | Zig:27   | Identified the +1 pair of gloves of Summer {Regen+ Dex+3}
 79561 | Zig:27   | Identified the staff of air "Bion Xot" {rElec rPois rCorr}
 79565 | Zig:27   | Identified the +9 arbalest "Yczotin" {speed, rF+}
 79687 | Depths:3 | Reached skill level 1 in Staves
 79712 | Depths:3 | Killed a juggernaut
 79733 | Depths:3 | Found a transporter.
 79735 | Depths:3 | Found a runed translucent door.
 79932 | Depths:3 | Identified the amulet of Yggyse {Spirit Dex+3}
 80025 | Depths:3 | Identified the +6 great sword "Jukhof" {freeze, rC- Str+2
                  | Stlth+}
 80029 | Depths:3 | Reached skill level 5 in Staves
 80081 | Depths:3 | Identified the +7 chain mail "Noq Noxe" {Str-3 Int+7 SInv}
 80677 | Elf:2    | Killed roninjake's ghost
 80684 | Elf:2    | Identified the +0 robe of Pleasant Breezes {Harm rF+ Str-5}
 81024 | Hell     | Entered the Vestibule of Hell
 81024 | Hell     | Noticed Geryon
 81027 | Hell     | Killed Geryon
 81053 | Hell     | Reached skill level 10 in Throwing
 81096 | Hell     | Found a gateway to the ashen valley of Gehenna.
 81165 | Hell     | Reached skill level 10 in Staves
 81193 | Hell     | Found a gateway to the decaying netherworld of Tartarus.
 81226 | Hell     | Found a gateway to the freezing wastes of Cocytus.
 81236 | Coc:1    | Entered Level 1 of Cocytus
 81592 | Coc:5    | Noticed a juggernaut
 81595 | Coc:5    | Killed a juggernaut
 81602 | Coc:5    | Noticed a juggernaut
 81604 | Coc:5    | Killed a juggernaut
 81671 | Coc:5    | Noticed a juggernaut
 81676 | Coc:5    | Killed a juggernaut
 81681 | Coc:5    | You are sucked into a shaft and drop 1 floor!
 81740 | Coc:7    | Entered Level 7 of Cocytus
 81957 | Coc:7    | Identified the +7 scimitar "Worm" {freeze, rElec rPois
                  | SInv}
 82044 | Coc:7    | Identified the +0 robe "Peahac" {rPois rN+ Will+ Slay+3}
 82285 | Coc:7    | Noticed the Serpent of Hell
 82289 | Coc:7    | Killed the Serpent of Hell
 82357 | Coc:7    | Noticed Antaeus
 82365 | Coc:7    | Killed Antaeus
 82404 | Coc:7    | Found the +8 frozen axe "Frostbite" {freeze, freezing
                  | cloud, *Noise Fly rC+}
 82412 | Coc:7    | Got an icy rune of Zot
 82507 | Hell     | Found a gateway to the Iron City of Dis.
 82610 | Geh:1    | Entered Level 1 of Gehenna
 82650 | Geh:1    | Noticed an ancient lich
 82652 | Geh:1    | Killed an ancient lich
 83052 | Geh:5    | Noticed an ancient lich
 83053 | Geh:5    | Killed an ancient lich
 83199 | Geh:7    | Entered Level 7 of Gehenna
 83795 | Geh:7    | Identified the +3 mace of the Reaper {heavy, +Blink}
 84018 | Geh:7    | Found the +13 sceptre of Asmodeus
 84018 | Geh:7    | Noticed Asmodeus
 84040 | Geh:7    | Killed Asmodeus
 84060 | Geh:7    | Got an obsidian rune of Zot
 84201 | Depths:1 | Upgraded the game from 0.31-a0-128-g25add195a6 to
                  | 0.31-a0-133-gaae73658be
 84311 | Depths:3 | Voluntarily entered the Abyss.
 84334 | Abyss:3  | Found a corrupted altar of Lugonu.
 84430 | Abyss:3  | Got an abyssal rune of Zot
 84537 | Abyss:3  | Found a hazy altar of Hepliaklqana.
 84542 | Depths:3 | Escaped the Abyss
 84667 | Pan      | Entered Pandemonium
 84749 | Pan      | Noticed Tira the pandemonium lord
 84752 | Pan      | Reached skill level 5 in Air Magic
 84752 | Pan      | Killed Tira the pandemonium lord
 84765 | Pan      | Reached skill level 27 in Fighting
 84827 | Pan      | Found a runed translucent door.
 84831 | Pan      | Got a demonic rune of Zot
 84918 | Pan      | Noticed Moryecev the pandemonium lord
 84923 | Pan      | Killed Moryecev the pandemonium lord
 84939 | Pan      | Entered the realm of Cerebov.
 84986 | Pan      | Reached skill level 10 in Air Magic
 84997 | Pan      | Learned a level 9 spell: Chain Lightning
 85073 | Pan      | Found an exit through the horrors of the Abyss.
 85183 | Pan      | Identified the +3 great sword of Cuptagu {heavy, *Rage
                  | rN+++ Will++}
 85448 | Pan      | Reached skill level 1 in Maces & Flails
 85626 | Pan      | Identified the +9 halberd "Hahek" {holy, *Noise +Blink MP+9
                  | Int+6 Dex+3}
 85640 | Pan      | Identified the ring "Quxom" {Will+ rCorr Str+2 Int+3
                  | Slay-5}
 85751 | Pan      | Got a fiery rune of Zot
 85831 | Pan      | Found the +6 sword of Cerebov {flame}
 85831 | Pan      | Noticed Cerebov
 85841 | Pan      | Killed Cerebov
 85842 | Pan      | Reached skill level 5 in Maces & Flails
 85872 | Pan      | Identified the amulet of the Magpie {RegenMP *Corrode rF+
                  | Dex+3}
 85874 | Pan      | Identified the ring of Megelu {Dex+4 SInv}
 85966 | Pan      | Entered the realm of Mnoleg.
 85977 | Pan      | Found an exit through the horrors of the Abyss.
 86248 | Pan      | Noticed Mnoleg
 86258 | Pan      | Killed Mnoleg
 86316 | Pan      | Got a glowing rune of Zot
 86454 | Pan      | Reached skill level 10 in Maces & Flails
 86483 | Pan      | Noticed Qairenen the pandemonium lord
 86487 | Pan      | Killed Qairenen the pandemonium lord
 86861 | Pan      | Noticed a dread lich
 86867 | Pan      | Killed a dread lich
 86917 | Pan      | Found an exit through the horrors of the Abyss.
 86941 | Pan      | Entered the realm of Gloorx Vloq.
 87416 | Pan      | Noticed Gloorx Vloq
 87420 | Pan      | Killed Gloorx Vloq
 87438 | Pan      | Got a dark rune of Zot
 87482 | Pan      | Entered the realm of Lom Lobon.
 87622 | Pan      | Noticed Lom Lobon
 87628 | Pan      | Killed Lom Lobon
 87649 | Pan      | Got a magical rune of Zot
 87765 | Pan      | Reached skill level 15 in Evocations
 87788 | Pan      | Acquired Chodeload's Encyclopedia of Freezing Outbursts
 87792 | Pan      | Found an exit through the horrors of the Abyss.
 87825 | Pan      | Took an exit into the Abyss.
 87825 | Abyss:3  | Escaped into the Abyss
 87825 | Abyss:3  | Found a corrupted altar of Lugonu.
 87829 | Depths:2 | Escaped the Abyss
 87907 | Dis:1    | Entered Level 1 of the Iron City of Dis
 88708 | Dis:4    | You are sucked into a shaft and drop 1 floor!
 88751 | Dis:5    | Killed from afar by a war gargoyle

Illustrated notes

Levels and vault maps discovered:
D:1:      elethiomel_arrival_maze, layout_basic, glass_columns_c
D:2:      layout_basic, fountainhead, nicolae_figureground_sparkle
D:3:      layout_basic, slow_altar_1, hangedman_decor_riveting
D:4:      dreamdust_elfheim, layout_basic, gammafunk_temple_overflow_claw,
          nicolae_dithmenos_through_a_glass_darkly, roderic_roman_lattice,
          uniq_sigmund
D:5:      layout_loops_ring, nicolae_nh_ransacked_shop, uniq_crazy_yiuf_cottage
D:6:      layout_loops_cross, minmay_temple_entry_sparse_star, uniq_duvessa
D:7:      layout_basic, serial_corexii_hall, corexii_hall_statues_u,
          corexii_hall_statues_i, uniq_prince_ribbit1
D:8:      layout_cave_pods, kennysheep_little_box, serial_shops, shop
D:9:      layout_cave_pools, lemuel_doored_altar, lair_entry_dummy, uniq_psyche,
          uniq_grum, uniq_pikel
D:10:     layout_basic, mainiacjoe_overflow_alcove_4,
          nicolae_qazlal_scattered_showers, onia_ninara_dug_in_and_dangerous
D:11:     layout_rooms, minmay_protected_statue
D:12:     layout_basic, kennysheep_orc_monster_closet_entryway, uniq_lodul,
          uniq_nessos, uniq_frances, uniq_kirke, uniq_nergalle
D:13:     layout_small_grid, erik_vaults_2, serial_shops, nicolae_shop_trees,
          nicolae_sif_muna_little_library, uniq_rupert
D:14:     layout_loops_corners, serial_shops, shop, hellmonk_bongcloud_opening,
          uniq_azrael
D:15:     grunt_enter_depths_hoard, layout_loops_ring,
          chequers_serial_rivers_room_a, nicolae_the_louvre
Temple:   cyrus_circular_temple
Lair:1:   gammafunk_indiana_jones, layout_chaotic_city, gauntlet_entry_generic,
          nicolae_lair_run_with_the_wolves
Lair:2:   layout_concentric_octagons, minmay_snake_entry_guardpost_small,
          beast_lair_carwin_7
Lair:3:   layout_regular_city, minmay_swamp_entry_eels,
          nicolae_volcano_entry_two_sided, eino_small_chamber_without_monster,
          dreamdust_gnoll_shepherd, infiniplex_staircase_pool_2
Lair:4:   layout_regular_city, slime_entry_1, basic_altar, grunt_megastairs_1,
          lemuel_fruit_tree, lemuel_fruit_fields
Lair:5:   minmay_lair_end_frog_pond, layout_gridlike
Swamp:1:  layout_falls_marsh, nicolae_swamp_some_circles, swamp_pool1,
          uniq_mlioglotl
Swamp:2:  layout_basic_swamp, nicolae_swamp_godswood, swamp_pool4
Swamp:3:  layout_basic_swamp, evilmike_swamp_ruin_rubble_1,
          nicolae_swamp_catching_bugs
Swamp:4:  swamp_icy, layout_basic_swamp
Snake:1:  layout_honeycomb, st_stairs_13, grunt_ministairs_11,
          nicolae_snake_springs
Snake:2:  layout_misc_corridors, serial_bayou, serial_bayou_lagoon_b,
          serial_bayou_pond_a, serial_bayou_pond_e, serial_bayou_shore_b,
          serial_bayou_pond_e, uniq_nikola
Snake:3:  layout_misc_corridors, minmay_shop_star, grunt_megastairs_2
Snake:4:  grunt_snake_rune_pools, layout_cave_town,
          nicolae_snake_serpentine_hallways
Slime:1:  layout_caves
Slime:2:  layout_caves
Slime:3:  layout_caves
Slime:4:  layout_caves
Slime:5
Orc:1:    layout_caves, serial_shops, nicolae_shop_stone, minmay_orc_treasury
Orc:2:    pf_orc_diabolical, layout_diamond_mine,
          nicolae_shop_overcharged_wands, uniq_jorgrun
Elf:1:    eino_elf_arrival_sip, layout_gridlike, gammafunk_ghost_ooze,
          hangedman_elven_crosses_minicolossus
Elf:2:    elven_hall_of_blades_hangedman_alternative
          [nicolae_vaults_blade_armed_guards], layout_geoelf_octagon,
          serial_shops, nicolae_shop_just_a_little_nook,
          ploomutoo_gammafunk_ghost_potion_laboratory,
          serial_sigils_hangedman_quiver, orc_legates
Elf:3:    grunt_elf_hall_asides, layout_gridlike, trove_entry_hex_spiral,
          portal_ice_cave_entry_horrid_things, st_stairs_11, laboratory
Vaults:1: v_misc_8, nicolae_vaults_heart-shaped_vault, vaults_dpeg_encased_lava,
          v_pattern_4, nicolae_vaults_ring_of_whatevers,
          nicolae_vaults_trapezoid_lopsided_1, nicolae_vaults_double_plus_1,
          layout_vaults_omnigrid
Vaults:2: gammafunk_ghost_split, nicolae_vaults_octothorpe,
          nicolae_vaults_house_2, nicolae_vaults_shipping_containers_7,
          vaults_mumra_minichess_inversion, nicolae_vaults_two_Ls,
          nicolae_vaults_closet_pinwheel_4, nicolae_vaults_trapezoid_layered,
          v_pattern_5, nicolae_vaults_mitosis, ontoclasm_vaults_twist,
          grunt_vaults_swirl, nicolae_vaults_trapezoid_4,
          ontoclasm_vaults_ring_square, nicolae_vaults_house_2,
          vaults_dpeg_doors, layout_vaults_maze_bifur
Vaults:3: nicolae_vaults_closet_pinwheel_5, nicolae_vaults_sealed_display,
          vaults_room_boxed, nicolae_vaults_variable_pillar_hall_cross,
          minmay_crypt_entry_simple_statues, nicolae_vaults_double_plus_3,
          nicolae_vaults_ninety_degrees, ontoclasm_vaults_bender,
          nicolae_vaults_closet_pinwheel_6, vaults_dpeg_cross,
          vaults_standard_mumra_lines, grunt_vaults_hallway_long,
          nicolae_vaults_apartment_1, nicolae_vaults_house_1,
          layout_vaults_omnicross, serial_shops, shop, uniq_saint_roka
Vaults:4: ontoclasm_vaults_idyll, nicolae_vaults_shelves_hall,
          nicolae_vaults_tetromino_T_1, grunt_vaults_hallway_long,
          nicolae_vaults_house_3, nicolae_vaults_specimen_jars,
          vaults_mumra_chevron_long, vaults_room_pool,
          nicolae_vaults_trapezoid_4, nicolae_vaults_ring_of_whatevers,
          nicolae_vaults_alarming, nicolae_vaults_tetromino_L_2,
          layout_vaults_ring, uniq_margery
Vaults:5: serial_shops
Crypt:1:  layout_basic, minivault_24, minmay_misc_feat_columns, uniq_grunn
Crypt:2:  layout_basic, mu_enter_wizlab_3, uniq_bai_suzhen
Crypt:3:  evilmike_haunted_forest
Depths:1: layout_basic, grunt_pan_entry_in_and_out, hell_entry, zin_treasury,
          kennysheep_random_hallway, minmay_shop_grove
Depths:2: gammafunk_dig_for_victory, layout_gridlike, pan_entry,
          hangedman_geh_valley, bloody_trog, serial_shops, shop,
          nicolae_ru_awakened_eye, infiniplex_staircase_diamond
Depths:3: emtedronai_trogs_sanctum, layout_gridville, enter_ziggurat_d,
          okawaru_ov_weapons_minmay, hell_entry, abyss_entry,
          nicolae_diode_basic, uniq_xtahua
Depths:4: evilmike_zot_entry_castle, layout_cave_shapes, hell_entry,
          minmay_misc_feat_plants, serial_shops,
          nicolae_shop_pleasant_corner_grove, nicolae_square_shop
Hell
Dis:1:    layout_subdivisions
Dis:2:    layout_jigsaw, nicolae_dis_having_a_grate_time
Dis:3:    layout_subdivisions, nicolae_dis_metal_dragon_surprise
Dis:4:    layout_regular_city, nicolae_dis_spooky_hallway
Dis:5:    layout_subdivisions, evilmike_ambush [evilmike_ambush_outer_basic,
          evilmike_ambush_inner_basic]
Geh:1:    layout_gehenna_pools_basic
Geh:2:    layout_gehenna_pools_triple, lemuel_flamethrower_3
Geh:3:    layout_gehenna_pools_triple
Geh:4:    layout_gehenna_lava_caves
Geh:5:    layout_gehenna_pools_triple, special_room [special_room_morgue]
Geh:6:    layout_gehenna_pools_triple, nicolae_hells_seeping_fissure
Geh:7:    geh_hangedman
Coc:1:    layout_cocytus_delve
Coc:2:    layout_cocytus_delve
Coc:3:    layout_cocytus_water_paths
Coc:4:    layout_ice_bergs
Coc:5:    nicolae_hells_titanomachy
Coc:6:    layout_cocytus_water_paths
Coc:7:    coc_mu
Zot:1:    layout_gridville, grunt_megastairs_4, uniq_vv
Zot:2:    hangedman_zot_vaults_quadrants, layout_cathedral_of_symmetry,
          gammafunk_ghost_cemetery
Zot:3:    layout_concentric_octagons, hangedman_zot_wheel_spokes, st_stairs_13
Zot:4:    layout_onion

Skill      XL: |  1  2  3  4  5  6  7  8  9 10 11 12 13 14 15 16 17 18 19 20 21 22 23 24 25 26 27 |
---------------+----------------------------------------------------------------------------------+-----
Spellcasting   | 2 3 4 6 8 10 11 14 15 17 18 20 27 | 27.0
Conjurations   | 1 2 6 7 10 13 14 15 16 17 19 20 21 22 23 25 | 25.0
Poison Magic   | 3 4 6 9 |  9.0
Air Magic      | 1 3 4 14 | 14.2
Fighting       | 2 3 5 6 8 9 10 11 15 27 | 27.0
Stealth        | 5 9 14 17 | 17.8
Hexes          | 5 6 |  6.0
Ice Magic      | 6 7 10 13 16 18 19 | 19.0
Fire Magic     | 2 3 6 11 12 15 18 20 21 22 23 | 23.0
Dodging        | 7 10 24 | 24.0
Evocations     | 3 15 | 15.0
Shields        | 8 9 11 15 16 20 | 20.0
Translocations | 4 |  4.0
Earth Magic    | 5 8 22 | 22.0
Armour         | 8 10 | 10.8
Necromancy     | 9 10 17 | 17.0
Transmutations | 16 | 16.0
Throwing       | 12 | 12.0
Staves         | 12 | 12.7
Maces & Flails | 12 | 12.9
Long Blades    | |  2.6

Action                     |  1- 3 |  4- 6 |  7- 9 | 10-12 | 13-15 | 16-18 | 19-21 | 22-24 | 25-27 || total
---------------------------+-------+-------+-------+-------+-------+-------+-------+-------+-------++-------
  Melee: Falchion          |    71 |     8 |    22 |       |       |       |       |       |       ||   101
         Staff             |       |       |    51 |    47 |    86 |    43 |    38 |       |   105 ||   370
         Scimitar          |       |       |       |    15 |       |       |       |       |       ||    15
   Fire: Sling             |    33 |    60 |       |       |       |       |       |       |       ||    93
  Throw: Dart              |       |       |     6 |     2 |       |       |       |       |       ||     8
         Throwing net      |       |       |       |     2 |       |       |       |       |       ||     2
   Cast: Sting             |    27 |    31 |    16 |       |       |       |       |       |       ||    74
         Poisonous Vapours |       |    29 |    34 |     2 |       |       |       |       |       ||    65
         Olgreb's Toxic Ra |       |       |    46 |    70 |   135 |     9 |    47 |       |       ||   307
         Mephitic Cloud    |       |       |    18 |    46 |    32 |     4 |    26 |       |       ||   126
         Searing Ray       |       |       |     6 |     8 |     4 |     5 |       |       |       ||    23
         Fulminant Prism   |       |       |     4 |    22 |     3 |     9 |     2 |       |       ||    40
         Ignite Poison     |       |       |       |    35 |    82 |     5 |    39 |       |       ||   161
         Ozocubu's Armour  |       |       |       |     6 |     2 |       |     3 |     3 |     4 ||    18
         Freezing Cloud    |       |       |       |    42 |   156 |   209 |    40 |     5 |     4 ||   456
         Flame Wave        |       |       |       |       |    20 |     2 |     6 |       |       ||    28
         Fireball          |       |       |       |       |    99 |   323 |   375 |     9 |    20 ||   826
         Leda's Unmaking   |       |       |       |       |       |    23 |   158 |    39 |    15 ||   235
         Blink             |       |       |       |       |       |     6 |       |     5 |     1 ||    12
         Ignition          |       |       |       |       |       |       |    48 |    15 |    67 ||   130
         Fire Storm        |       |       |       |       |       |       |     5 |   192 |   772 ||   969
         Sublimation of Bl |       |       |       |       |       |       |       |    32 |   350 ||   382
         Passage of Golubr |       |       |       |       |       |       |       |       |     4 ||     4
         Lehudib's Crystal |       |       |       |       |       |       |       |       |   199 ||   199
         Polar Vortex      |       |       |       |       |       |       |       |       |   120 ||   120
         Necromutation     |       |       |       |       |       |       |       |       |   140 ||   140
         Shatter           |       |       |       |       |       |       |       |       |   136 ||   136
         Apportation       |       |       |       |       |       |       |       |       |    42 ||    42
         Infestation       |       |       |       |       |       |       |       |       |    32 ||    32
         Death Channel     |       |       |       |       |       |       |       |       |    23 ||    23
         Chain Lightning   |       |       |       |       |       |       |       |       |    14 ||    14
Ability: End Transformatio |       |       |       |       |       |       |       |       |    94 ||    94
  Evoke: Wand              |       |       |     8 |     1 |       |       |     1 |     6 |     3 ||    19
         Lightning rod     |       |       |       |       |       |       |       |     3 |       ||     3
    Use: Scroll            |     4 |       |     7 |     3 |     7 |     9 |     8 |    14 |    27 ||    79
         Potion            |       |     1 |       |       |       |       |     2 |     4 |    25 ||    32
   Stab: Sleeping          |     2 |       |       |       |       |       |       |       |     1 ||     3
         Confused          |       |       |     2 |     1 |     1 |       |       |       |       ||     4
         Distracted        |       |       |       |       |     1 |       |       |       |       ||     1
 Armour: Robe              |    14 |     3 |    33 |    49 |    19 |    42 |    21 |     7 |    79 ||   267
         Leather armour    |    30 |     9 |       |       |       |       |       |       |       ||    39
         Skin              |       |    11 |       |       |       |       |       |       |       ||    11
         Steam dragon scal |       |       |       |     3 |    20 |       |       |       |       ||    23
  Dodge: Dodged            |    73 |    33 |   103 |    99 |   219 |   109 |   149 |    44 |   507 ||  1336
         Repelled          |       |       |       |       |       |       |       |       |     6 ||     6
  Block: Kite shield       |       |       |       |       |    41 |   113 |   122 |    44 |     7 ||   327
         Reflection        |       |       |       |       |       |    40 |    22 |     1 |    50 ||   113
         Buckler           |       |       |       |       |       |       |       |       |   303 ||   303

Table legend: (Time is in decaauts)
 A = Elapsed time spent in this place.
 B = Non-inter-level travel time spent in this place.
 C = Inter-level travel time spent in this place.
 D = Time resting spent in this place.
 E = Time spent auto-exploring this place.
 F = Levels seen in this place.
 G = Mean time per level.
                   A        B        C        D        E       F      G
               +--------+--------+--------+--------+--------+-----+--------+
         Total |  89047 |  76695 |  12352 |  20148 |  17247 | 123 |  724.0 |
       Dungeon |  22240 |  18278 |   3962 |   4606 |   6592 |  15 | 1482.7 |
        Temple |     82 |     59 |     23 |      0 |     50 |   1 |   82.0 |
          Lair |   7279 |   5868 |   1411 |   1518 |   1961 |   5 | 1455.8 |
         Swamp |   4171 |   3796 |    375 |   1787 |    785 |   4 | 1042.8 |
     Snake Pit |   7156 |   6347 |    809 |   1811 |   1576 |   4 | 1789.0 |
    Slime Pits |   1104 |   1054 |     50 |    419 |      0 |   5 |  220.8 |
  Orcish Mines |   4086 |   3354 |    732 |   1342 |    499 |   2 | 2043.0 |
   Elven Halls |   8126 |   7181 |    945 |   2781 |   1786 |   3 | 2708.7 |
        Vaults |   9926 |   8254 |   1672 |   2794 |   1222 |   5 | 1985.2 |
         Crypt |   2585 |   2249 |    336 |     88 |    471 |   3 |  861.7 |
        Depths |   5521 |   4107 |   1414 |    742 |    312 |   4 | 1380.2 |
          Hell |    543 |    490 |     53 |    120 |      0 |   1 |  543.0 |
           Dis |    691 |    553 |    138 |    199 |      0 |   5 |  138.2 |
       Gehenna |   1559 |   1518 |     41 |     86 |      0 |   7 |  222.7 |
       Cocytus |   1233 |   1224 |      9 |    172 |      0 |   7 |  176.1 |
           Zot |   3905 |   3529 |    376 |    116 |   1860 |   4 |  976.2 |
         Abyss |   1288 |   1288 |      0 |    361 |      0 |   4 |  322.0 |
   Pandemonium |   3110 |   3110 |      0 |    173 |      0 |  12 |  259.2 |
      Ziggurat |   2550 |   2550 |      0 |    466 |      6 |  27 |   94.4 |
         Trove |     52 |     52 |      0 |      0 |      0 |   1 |   52.0 |
      Ice Cave |    661 |    661 |      0 |    231 |      0 |   1 |  661.0 |
       Volcano |    669 |    669 |      0 |    303 |      0 |   1 |  669.0 |
        Wizlab |    345 |    345 |      0 |     31 |      0 |   1 |  345.0 |
      Gauntlet |    153 |    153 |      0 |      0 |    126 |   1 |  153.0 |
               +--------+--------+--------+--------+--------+-----+--------+

Top non-repeatable levels by time:
   Elf:2: 3622 daAuts
    D:15: 2895 daAuts
   Orc:2: 2656 daAuts
 Snake:4: 2609 daAuts
Vaults:3: 2442 daAuts
   Elf:1: 2330 daAuts
Vaults:2: 2262 daAuts
    D:12: 2214 daAuts
   Elf:3: 2173 daAuts
Vaults:1: 2079 daAuts
  Lair:4: 1952 daAuts
  Lair:1: 1864 daAuts
 Snake:2: 1790 daAuts
Vaults:5: 1669 daAuts
    D:13: 1601 daAuts
